Workbook
Name _______AFC1: [3]INV!$A$25:$D$28
Name _______AFC3: [3]INV!$F$25:$I$28
Name _______AFC5: [3]INV!$K$25:$N$28
Name _______BGC1: [3]INV!$A$5:$D$8
Name _______BGC3: [3]INV!$F$5:$I$8
Name _______BGC5: [3]INV!$K$5:$N$8
Name _______CAC1: [3]INV!$A$19:$D$22
Name _______CAC3: [3]INV!$F$19:$I$22
Name _______CAC5: [3]INV!$K$19:$N$22
Name _______SBC1: [3]INV!$A$12:$D$15
Name _______SBC3: [3]INV!$F$12:$I$15
Name _______SBC5: [3]INV!$K$12:$N$15
Name ______AFC1: [3]INV!$A$25:$D$28
Name ______AFC3: [3]INV!$F$25:$I$28
Name ______AFC5: [3]INV!$K$25:$N$28
Name ______BGC1: [3]INV!$A$5:$D$8
Name ______BGC3: [3]INV!$F$5:$I$8
Name ______BGC5: [3]INV!$K$5:$N$8
Name ______CAC1: [3]INV!$A$19:$D$22
Name ______CAC3: [3]INV!$F$19:$I$22
Name ______CAC5: [3]INV!$K$19:$N$22
Name ______SBC1: [3]INV!$A$12:$D$15
Name ______SBC3: [3]INV!$F$12:$I$15
Name ______SBC5: [3]INV!$K$12:$N$15
Name _____AFC1: [3]INV!$A$25:$D$28
Name _____AFC3: [3]INV!$F$25:$I$28
Name _____AFC5: [3]INV!$K$25:$N$28
Name _____BGC1: [3]INV!$A$5:$D$8
Name _____BGC3: [3]INV!$F$5:$I$8
Name _____BGC5: [3]INV!$K$5:$N$8
Name _____CAC1: [3]INV!$A$19:$D$22
Name _____CAC3: [3]INV!$F$19:$I$22
Name _____CAC5: [3]INV!$K$19:$N$22
Name _____SBC1: [3]INV!$A$12:$D$15
Name _____SBC3: [3]INV!$F$12:$I$15
Name _____SBC5: [3]INV!$K$12:$N$15
Name ____AFC1: [3]INV!$A$25:$D$28
Name ____AFC3: [3]INV!$F$25:$I$28
Name ____AFC5: [3]INV!$K$25:$N$28
Name ____BGC1: [3]INV!$A$5:$D$8
Name ____BGC3: [3]INV!$F$5:$I$8
Name ____BGC5: [3]INV!$K$5:$N$8
Name ____CAC1: [3]INV!$A$19:$D$22
Name ____CAC3: [3]INV!$F$19:$I$22
Name ____CAC5: [3]INV!$K$19:$N$22
Name ____SBC1: [3]INV!$A$12:$D$15
Name ____SBC3: [3]INV!$F$12:$I$15
Name ____SBC5: [3]INV!$K$12:$N$15
Name ___ACT1: #REF!
Name ___ACT1: #REF!
Name ___ACT1: #REF!
Name ___ACT2: #REF!
Name ___ACT2: #REF!
Name ___ACT2: #REF!
Name ___AFC1: [3]INV!$A$25:$D$28
Name ___AFC3: [3]INV!$F$25:$I$28
Name ___AFC5: [3]INV!$K$25:$N$28
Name ___BGC1: [3]INV!$A$5:$D$8
Name ___BGC3: [3]INV!$F$5:$I$8
Name ___BGC5: [3]INV!$K$5:$N$8

Sheet AU 4 meses
D3: COSTO DIRECTO | H3: ='PRESUPUESTO CALLE 58 SUR'!F86 -> 9.1233765e+08 | J3: PLAZO
D4: ADMINISTRACIÓN | G4: =H4/H3 -> 0.3175393 | H4: =J85 -> 2.8970306e+08 | J4: 4 MESES
D5: UTILIDAD | G5: 0.05 | H5: =ROUND(H3*G5,0) -> 45616883 | J5: 4
D6: VALOR TOTAL | H6: =ROUND(H3+H4+H5,2) -> 1.2476576e+09
D7: REPOSICIÓN DE COBERTURA EXISTENTE - QUEBRADA SIN NOMBRE Carrera 45A Calles 78 Sur y 82 Sur MUNICIPIO DE SABANETA
B9: DISCRIMINACION AU
B10: Item | C10: Descripción | D10: Unidad | E10: Cantidad | F10: valor unitario | G10: Factor prestacional | H10: Dedicación | I10: Meses | J10: V/Parcial
B11: 1 | C11: Personal Profesional y Técnico
B12: 1.1 | C12: Director de Obra | D12: un | E12: 1 | F12: 6500000 | G12: 1.58 | H12: 1 | I12: =J5 -> 4 | J12: =E12*F12*G12*H12*I12 -> 41080000
B13: 1.2 | C13: Tecnico Obras Civiles | D13: un | E13: 0 | F13: 2500000 | G13: 1.58 | H13: 1 | I13: =$I$12 -> 4 | J13: =E13*F13*G13*H13*I13 -> 0
B14: 1.3 | C14: Residente Social | D14: un | E14: 0 | F14: 4000000 | G14: 1.58 | H14: 1 | I14: =$I$12 -> 4 | J14: =E14*F14*G14*H14*I14 -> 0
B15: 1.4 | C15: Tecnologo en Seguridad Industrial y Salud Ocupal | D15: un | E15: 1 | F15: 1700000 | G15: 1.58 | H15: 1 | I15: =$I$12 -> 4 | J15: =E15*F15*G15*H15*I15 -> 10744000
B16: 1.5 | C16: Ingeniero Civil (especialización Estructural) Asesor | D16: un | E16: 0 | F16: 6500000 | G16: 1 | H16: 0.25 | I16: =$I$12 -> 4 | J16: =E16*F16*G16*H16*I16 -> 0
B17: 1.6 | C17: Auxiliar de Residencia | D17: un | E17: 1 | F17: 2500000 | G17: =G13 -> 1.58 | H17: 1 | I17: =$I$12 -> 4 | J17: =E17*F17*G17*H17*I17 -> 15800000
B18: 1.7 | C18: Ingeniero Electrico | D18: un | E18: 0 | F18: 5000000 | G18: 1.58 | H18: 0.25 | I18: =$I$12 -> 4 | J18: =E18*F18*G18*H18*I18 -> 0
B19: 1.8 | C19: Ingeniero Sanitario | D19: un | E19: 0 | F19: 6000000 | G19: 1 | H19: 0.25 | I19: =$I$12 -> 4 | J19: =E19*F19*G19*H19*I19 -> 0
B20: 1.9 | C20: Arqueólogo | D20: un | E20: 0 | F20: 8000000 | G20: 1 | H20: 0.25 | I20: =$I$12 -> 4 | J20: =E20*F20*G20*H20*I20 -> 0
B21: 1.1 | C21: Tecnólogo Socio - Ambiental | D21: un | E21: 0.5 | F21: 3800000 | G21: 1.58 | H21: 1 | I21: =$I$12 -> 4 | J21: =E21*F21*G21*H21*I21 -> 12008000
B22: 2 | C22: Personal Operativo
B23: 2.1 | C23: Maestro de Obra (Encargado) | D23: un | E23: 1 | F23: 2000000 | G23: 1.58 | H23: 1 | I23: =I13 -> 4 | J23: =E23*F23*G23*H23*I23 -> 12640000
B24: 2.2 | C24: Almacenista | D24: un | E24: 1 | F24: 1550000 | G24: =$G$25 -> 1.73 | H24: 1 | I24: =I14 -> 4 | J24: =E24*F24*G24*H24*I24 -> 10726000
B25: 2.3 | C25: Auxiliar Almacenista | D25: un | E25: 0 | F25: 1014980 | G25: 1.73 | H25: 1 | I25: =I15 -> 4 | J25: =E25*F25*G25*H25*I25 -> 0
B26: 2.4 | C26: Ayudantes por Administración | D26: un | E26: 1 | F26: =F25 -> 1014980 | G26: =$G$25 -> 1.73 | H26: 1 | I26: =I16 -> 4 | J26: =E26*F26*G26*H26*I26 -> 7023661.6
B27: 3 | C27: Personal Administrativo
B28: 3.1 | C28: Director de Poryectos | D28: un | F28: 8000000 | G28: 1.58 | H28: 0.1 | I28: =I18 -> 4 | J28: =+E28*F28*G28*H28*I28 -> 0
B29: 3.2 | C29: Coordinador Proyectos | D29: un | F29: 3500000 | G29: 1.58 | H29: 0.1 | I29: =I19 -> 4 | J29: =+E29*F29*G29*H29*I29 -> 0
B30: 3.3 | C30: Secretaria | D30: un | F30: =F25 -> 1014980 | G30: =G28 -> 1.58 | H30: 0.1 | I30: =I20 -> 4 | J30: =+E30*F30*G30*H30*I30 -> 0
B31: 3.4 | C31: Asesor Jurìdico | D31: un | F31: 2000000 | G31: 1.58 | H31: 0.1 | I31: =I21 -> 4 | J31: =+E31*F31*G31*H31*I31 -> 0
B32: 3.5 | C32: Contador | D32: un | F32: 2500000 | G32: 1.58 | H32: 0.1 | I32: =I12 -> 4 | J32: =+E32*F32*G32*H32*I32 -> 0
B33: 3.6 | C33: Auxiliar Contable | D33: un | F33: 1500000 | G33: =G30 -> 1.58 | H33: 0.1 | I33: =I23 -> 4 | J33: =+E33*F33*G33*H33*I33 -> 0
B34: 3.7 | C34: Coordinador de Compras | D34: un | F34: 1500000 | G34: =G30 -> 1.58 | H34: 0.1 | I34: =I24 -> 4 | J34: =+E34*F34*G34*H34*I34 -> 0
B35: 3.8 | C35: Auxiliar de compras | D35: un | F35: 1400000 | G35: =G34 -> 1.58 | H35: 0.1 | I35: =I25 -> 4 | J35: =+E35*F35*G35*H35*I35 -> 0
B36: 3.9 | C36: Administrador | D36: un | F36: 3000000 | G36: 1.58 | H36: 0.1 | I36: =I26 -> 4 | J36: =+E36*F36*G36*H36*I36 -> 0
B37: 3.1 | C37: Mensajero | D37: un | F37: 1014980 | G37: =G33 -> 1.58 | H37: 0.1 | I37: =I12 -> 4 | J37: =+E37*F37*G37*H37*I37 -> 0
B38: 3.11 | C38: Desarrollo Humano | D38: un | F38: 1500000 | G38: 1.58 | H38: 0.1 | I38: =I12 -> 4 | J38: =+E38*F38*G38*H38*I38 -> 0
B39: 3.12 | C39: Administración Central | D39: un | E39: 1 | F39: 5000000 | G39: 1 | H39: 1 | I39: 1 | J39: =E39*F39*I39*G39*H39 -> 5000000
B40: 4 | C40: Celaduría 24 horas
B41: 4.1 | C41: Celaduría 24 horas | D41: mes | E41: 1 | F41: 9980000 | G41: 1 | H41: 1 | I41: =I12 -> 4 | J41: =E41*F41*H41*I41 -> 39920000
B42: 4.2 | C42: Celaduría Nocturna | D42: mes | E42: 0 | F42: 9800000 | G42: 1 | H42: 1 | I42: =I13 -> 4 | J42: =E42*F42*H42*I42 -> 0
B43: 5 | C43: Inversión SocioAmbiental
B44: 5.1 | C44: PMSA | D44: UN | E44: 1 | F44: 4000000 | G44: 1 | H44: 1 | I44: 1 | J44: =E44*F44*G44*H44*I44 -> 4000000
B45: 5.2 | J45: =E45*F45*G45*H45*I45 -> 0
B46: 5.3 | C46: Ayudante por Administración para realizar actividades de PMSA | D46: un | E46: 0 | F46: =F26 -> 1014980 | G46: =G24 -> 1.73 | H46: 1 | I46: =I12 -> 4 | J46: =E46*F46*G46*H46*I46 -> 0
B47: 6 | C47: Instalaciones Provisionales
B48: 6.1 | C48: Campamento - oficina personal técnico - Container | D48: mes | E48: 1 | F48: =724500+693000/3 -> 955500 | I48: 4 | J48: =E48*F48*I48 -> 3822000
B49: 6.2 | C49: Servicios públicos y/o provisionales | D49: un | E49: 1 | F49: 150000 | I49: =I12 -> 4 | J49: =E49*F49*I49 -> 600000
B50: 6.3 | C50: Campamento - personal operativo | D50: glb | E50: 1 | F50: 3500000 | I50: 1 | J50: =E50*F50*I50 -> 3500000
B51: 6.4 | C51: Planta eléctrica | D51: un/mes | E51: 0 | F51: =170000*25 -> 4250000 | I51: 0 | J51: =E51*F51*I51 -> 0
B52: 6.5 | C52: Tablero electrico móvil obra | D52: un | E52: 1 | F52: 550000 | H52: 1 | I52: 1 | J52: =+E52*F52*H52 -> 550000
B53: 7 | C53: Papelería y Equipos de Oficina
B54: 7.1 | C54: Equipo o alquiler de equipo oficina (incluye alquiler muebles y enseres) | D54: glb | E54: 1 | F54: 500000 | I54: 1 | J54: =E54*F54*I54 -> 500000
B55: 7.2 | C55: Dotación oficina (alquiler fax- impresoras - computadores) | D55: un | E55: 1 | F55: 120000 | I55: =I12 -> 4 | J55: =E55*F55*I55 -> 480000
B56: 7.3 | C56: Papelería, tinta, fotocopias y otros | D56: mes | E56: 1 | F56: 100000 | I56: =I13 -> 4 | J56: =E56*F56*I56 -> 400000
B57: 7.4 | C57: Caja menor | D57: mes | I57: =I14 -> 4 | J57: =E57*F57*I57 -> 0
B58: 7.5 | C58: Celulares | D58: un-mes | E58: 2 | F58: 70000 | I58: =I15 -> 4 | J58: =E58*F58*I58 -> 560000
B59: 7.6 | C59: Impresión de planos de diseño | D59: un | E59: 1 | F59: 50000 | I59: 1 | J59: =E59*F59*I59 -> 50000
B60: 7.7 | C60: Elaboración de planos necesarios para el recibo de la obra, en planchas de 1 m * 0,7 m (Planos record) | D60: glb | E60: 0 | F60: 4500000 | I60: 1 | J60: =E60*F60*I60 -> 0
B61: 8 | C61: Transporte de Profesionales y Personal
B62: 8.1 | C62: Auxilio transporte / vehiculos | D62: un | E62: 1 | F62: 6500000 | I62: =J5 -> 4 | J62: =E62*F62*I62 -> 26000000
B63: 9 | C63: Laboratorio y Trámites y Permisos
B64: 9.1 | C64: Ensayos de laboratorio (incluye diseños de mezclas para concreto, fallo de cilindros de concreto, ensayo de proctor modificado, toma de densidades de campo, ensayos a bloques, adobes, ensayos a elementos prefabricados, ensayos de resistencia al acero de refuerzo y estructuras metálicas y todos los ensayos y diseños necesarios para la correcta ejecucion y funcionamiento de las obras. | D64: un | E64: 1 | F64: 2556394.2 | H64: 1 | I64: 1 | J64: =E64*F64*H64*I64 -> 2556394.2
B65: 9.2 | C65: Permiso de rotura | D65: glb | E65: 1 | F65: 0 | H65: 1 | I65: 1 | J65: =E65*F65*H65*I65 -> 0
B67: 10 | C67: Bancarios
B68: 10.1 | C68: Chequeras (100 cheques) | D68: un | E68: 0.6 | F68: 430000 | J68: =E68*F68 -> 258000
B69: 10.2 | C69: Transacciones Internet (valor por transacción) | D69: un | E69: 60 | F69: 2600 | J69: =E69*F69 -> 156000
B70: 10.3 | C70: Costos Financieros | D70: Global | E70: 1 | F70: 1000000 | J70: =E70*F70 -> 1000000
B71: 11 | C71: Impacto Comunitario - Valla
B72: 11.1 | C72: Suministro, transporte, instalación y mantenimiento de Valla 1X2 | D72: un | E72: 1 | F72: 750000 | J72: =E72*F72 -> 750000
B73: 12 | C73: Pólizas
B74: 12.1 | C74: Pólizas (0,6% al 1 % del costo total) | D74: Global | E74: 1 | F74: =437000000*0.05 -> 21850000 | J74: =E74*F74 -> 21850000
B75: 13 | C75: Impuestos
B76: 13.1 | C76: Impuesto 4/1000 (del costo total incluido AU) | D76: 0.004 | E76: 1 | F76: 761000000 | J76: =ROUND(D76*F76,0)*E76 -> 3044000
B77: 13.2 | C77: Estampilla del Adulto Mayor 2% | D77: 0.02 | E77: 1 | F77: =$F$76 -> 761000000 | J77: =ROUND(D77*F77,0)*E77 -> 15220000
B78: 13.3 | C78: Estampilla Pro Universidad U de A. (0,20% del costo total incluido AU) | D78: 0 | E78: 0 | F78: =$F$76 -> 761000000 | H78: N.A. | J78: =ROUND(D78*F78,0)*E78 -> 0
B79: 13.4 | C79: Estampilla Pro Hospital Dpto Antioquia (0,50%) | D79: 0.005 | E79: 1 | F79: =$F$76 -> 761000000 | J79: =ROUND(D79*F79,0)*E79 -> 3805000
B80: 13.5 | C80: Estampilla Procultura 1,0% | D80: 0.01 | E80: 1 | F80: =$F$76 -> 761000000 | J80: =ROUND(D80*F80,0)*E80 -> 7610000
B81: 13.6 | C81: Impuesto de Contribucion especial 5% (del costo total incluido AU) | D81: 0.05 | E81: 1 | F81: =$F$76 -> 761000000 | J81: =ROUND(D81*F81,0)*E81 -> 38050000
B82: 13.7 | C82: Industria y comercio (1%) | D82: 0.01 | E82: 0 | F82: =$F$76 -> 761000000 | H82: REEMBOLSABLE | J82: =ROUND(D82*F82,0)*E82 -> 0
B83: 13.8 | C83: Fondo Industria construccion (0,25%) SENA | D83: 0 | E83: 0 | F83: =$F$76 -> 761000000 | J83: =ROUND(D83*F83,0)*E83 -> 0
B84: 13.9 | C84: Otros | J84: =ROUND(I84*$E$95,0) -> 0
B85: 14 | C85: Administración | H85: A | I85: =J85/E92 -> 0.3175393 | J85: =SUM(J12:J84) -> 2.8970306e+08
B86: 14.1 | C86: Utilidad | H86: U | I86: 0.05 | J86: =ROUND($E$92*I86,0) -> 45616883
C87: TOTAL AU (Suma de A + U) | I87: =SUM(I85:I86) -> 0.3675393 | J87: =ROUND(SUM(J85:J86),0) -> 335319939
C88: COSTO DIRECTO | J88: =+'PRESUPUESTO CALLE 58 SUR'!F86 -> 9.1233765e+08
C89: COSTO TOTAL (Costo Directo + Total AU) | J89: =SUM(J87:J88) -> 1.2476576e+09
C92: TOTAL COSTO DIRECTO | E92: ='PRESUPUESTO CALLE 58 SUR'!F86 -> 9.1233765e+08
C93: TOTAL COSTO ADMINISTRACION | D93: =+J85/E92 -> 0.3175393 | E93: =E92*D93 -> 2.8970306e+08
C94: UTILIDAD 5% | D94: 0.05 | E94: =E92*D94 -> 45616883
C95: COSTO TOTAL | E95: =+J90 -> 0
E97: =SUM(E92:F94) -> 1.2476576e+09

Sheet PRESUPUESTO CALLE 58 SUR
A1: RECUPERACIÓN BANCA VÍA CALLE 58 SUR, CARRERA 38, MUNICIPIO DE SABANETA - ANTIOQUIA.
A2: PRESUPUESTO DE OBRA
A4: ÍTEM | B4: DESCRIPCIÓN | C4: UNIDAD | D4: CANTIDAD | E4: VR. UNITARIO | F4: VALOR TOTAL
A5: 1 | B5: OBRAS DE MITIGACIÓN - PROVISIONALES
A6: 1.1 | B6: Rocería y limpieza, Incluye cargue, transporte y botada de material en botaderos oficiales o donde indique la interventoría, hasta cualquier altura de la vegetación, incluye desenraice de árboles hasta la altura de la vegetación y de diámetro inferiores a 10 cm. La rocería se realizará a ras de piso. Se utilizará guadaña o machete. | C6: m2 | D6: 656 | E6: =APU!F48 -> 9116 | F6: =ROUND(D6*E6,2) -> 5980096
A7: 1.2 | B7: DEMOLICIÓN DE SUMIDEROS de cualquier tipo y material existentes. Incluye: Cargue, transporte y botada de escombros, recuperación de los materiales aprovechables o su transporte hasta el sitio que lo indique la interventoría. | C7: un | D7: 3 | E7: =APU!F96 -> 315915 | F7: =ROUND(D7*E7,2) -> 947745
A8: 1.3 | B8: DEMOLICIÓN PAVIMENTO ASFÁLTICO (para brecha), cargue, transporte y botada de escombros, HASTA ESPESOR DE 4". Incluye corte con máquina de disco según trazado y compresor neumático con martillo, además recuperación de los materiales aprovechables o su transporte hasta el sitio que lo indique la interventoría. | C8: m2 | D8: 14.4 | E8: =APU!F144 -> 44858 | F8: =ROUND(D8*E8,2) -> 645955.2
A9: 1.4 | B9: EXCAVACIÓN MANUAL de material heterogéneo HASTA 3 m., bajo cualquier grado de humedad. Incluye: roca descompuesta, bolas de roca de volumen inferior a 0.35 m³., el cargue, transporte interno de las excavaciones en los sitios donde lo indique la interventoría y su medida será en el sitio. La botada y el entibado, se pagaran por su respectivo Ítem. | C9: m3 | D9: 77.52 | E9: =APU!F192 -> 57405 | F9: =ROUND(D9*E9,2) -> 4450035.6
A10: 1.5 | B10: LLENOS EN MATERIAL ESTABILIZADO CON CEMENTO CON MATERIAL TIPO SUB-BASE GRANULAR, compactados mecánicamente. Incluye material de préstamo, 2 sacos de cemento 50 kg por cada m3, transporte interno y todo lo necesario para su correcta compactación. Y su medida será en sitio ya compactado. | C10: m3 | D10: 53.7 | E10: =APU!F240 -> 299474 | F10: =ROUND(D10*E10,2) -> 16081754
A11: 1.6 | B11: Colocación de concreto de 14 Mpa para SOLADO, con un espesor DE 0.05 m. Incluye el suministro y el transporte del concreto y todos los demás elementos necesarios para su correcta construcción, incluye acarreo interno. | C11: m2 | D11: 2.88 | E11: =APU!F288 -> 50611 | F11: =ROUND(D11*E11,2) -> 145759.68
A12: 1.7 | B12: Colocación de CONCRETO CICLÓPEO de 21 Mpa y 40% de piedra con un diámetro entre 4" y 10". para REEMPLAZO. Incluye suministro y el transporte del concreto, mano de obra, protección y curado, para estructuras de acuerdo con las diferentes dimensiones establecidas en los planos y diseños y todo lo demás para el correcto proceso constructivo. | C12: m3 | D12: 23.04 | E12: =APU!F336 -> 684649 | F12: =ROUND(D12*E12,2) -> 15774313
A13: 1.8 | B13: Construcción de anclajes en concreto de 21 Mpa para tubería de pvc de acueducto o alcantarillado, incluye el suministro, transporte externo e interno y vaciado de concreto de 21 Mpa. Incluye colocación de formaletas, concreto y demás elementos que se requieren para construir estas estructuras. Incluye también la mano de obra, los equipos, herramientas necesarias para la correcta ejecución y funcionamiento de esta actividad. No incluye refuerzo. | C13: un | D13: 2 | E13: =APU!F384 -> 307759 | F13: =ROUND(D13*E13,2) -> 615518
A14: 1.9 | B14: Suministro, transporte e instalación de TUBERÍA PVC-NOVAFORT, con un DIÁMETRO DE 24". Incluye suministro y transporte de los materiales, bocas, accesorios, acondicionador de superficie y adhesivo Novafort y todos los elementos necesarios para su correcta instalación y funcionamiento. La excavación, encamado, atraques y los llenos se pagaran en su ítem respectivo. | C14: m | D14: 6.5 | E14: =APU!F432 -> 777739 | F14: =ROUND(D14*E14,2) -> 5055303.5
A15: 1.1 | B15: Suministro, transporte e instalación de TUBERÍA PVC-NOVAFORT, con un DIÁMETRO DE 250 mm. Incluye suministro y transporte de los materiales, bocas, accesorios, acondicionador de superficie y adhesivo Novafort y todos los elementos necesarios para su correcta instalación y funcionamiento. La excavación, encamado, atraques y los llenos se pagaran en su ítem respectivo. | C15: m | D15: 12 | E15: =APU!F480 -> 165381 | F15: =ROUND(D15*E15,2) -> 1984572
A16: 1.11 | B16: Suministro, transporte y colocación de TRITURADO de 3/4 " para construcción de CIMENTACIÓN DE TUBERÍA PVC NOVAFORT. Incluye transporte interno y todo lo necesario para su correcta instalación. | C16: m3 | D16: 21.96 | E16: =APU!F528 -> 241448 | F16: =ROUND(D16*E16,2) -> 5302198.1
A17: 1.12 | B17: Construcción de Emboquillada de tubería en pared para caja y/o muro, según especificaciones técnicas de EEPP de Medellín. Incluye suministro, transporte e instalación de los materiales y todo lo necesario para su correcta ejecución. | C17: un | D17: 3 | E17: =APU!F576 -> 147396 | F17: =ROUND(D17*E17,2) -> 442188
A18: 1.13 | B18: Construcción de POCETA PROVISIONAL de 1.40X1.40 x altura hasta 1.40 m., (medidas externas), muros de espesor de 25 cm., Losa de Fondo de espesor 30 cm., en concreto de 21Mpa. Incluye suministro, transporte e instalación de los materiales, formaleta, vibrado y todos los elementos necesarios para su correcta construcción y funcionamiento. Según diseño y especificaciones. La excavación, llenos, entresuelo y acero de refuerzo se pagarán en su ítem respectivo. | C18: un | D18: 1 | E18: =APU!F624 -> 2557821 | F18: =ROUND(D18*E18,2) -> 2557821
A19: 2 | B19: PRELIMINARES
A20: 2.1 | B20: LOCALIZACIÓN, TRAZADO Y REPLANTEO. Se utilizará personal experto con equipo de precisión. Se hará con la frecuencia que lo indique la interventoría. Incluye demarcación con pintura, línea de trazado, corte de piso, libretas y planos. | C20: día | D20: 5 | E20: =APU!F672 -> 756415 | F20: =ROUND(D20*E20,2) -> 3782075
A21: 2.2 | B21: Rocería y limpieza, Incluye cargue, transporte y botada de material en botaderos oficiales o donde indique la interventoría, hasta cualquier altura de la vegetación, incluye desenraice de árboles hasta la altura de la vegetación y de diámetro inferiores a 10 cm. La rocería se realizará a ras de piso. Se utilizará guadaña o machete. | C21: m2 | D21: 485.96 | E21: =APU!F720 -> 9116 | F21: =ROUND(D21*E21,2) -> 4430011.4
A22: 2.3 | B22: Instalación de CERRAMIENTO PROVISIONAL en malla naranja polietileno de alta densidad, estabilidad y resistencia, anticorrosivo, con estabilizados de rayos UV, con una altura de 1,20 m, balizas móviles base antideslizante cada 1,50 m. fijaciones con correas de amarre plásticas y cinta de peligro, Incluye: suministro, transporte, instalación, traslados y desmonte y todos los demás elementos necesarios para su correcta instalación y operación. | C22: m | D22: 15 | E22: =APU!F768 -> 28864 | F22: =ROUND(D22*E22,2) -> 432960
A23: 3 | B23: DEMOLICIONES
A24: 3.1 | B24: DEMOLICIÓN DE BORDILLOS O CUNETAS EN CONCRETO, manual o mecánicamente, de cualquier tamaño. Incluye retiro de refuerzo e instalaciones embebidas. La disposición final de los materiales provenientes de las demoliciones se deben realizar en sitios que cumplan con los requisitos exigidos por la autoridad ambiental. Incluye cargue transporte y botada. | C24: m | D24: 150 | E24: =APU!F816 -> 32644 | F24: =ROUND(D24*E24,2) -> 4896600
A25: 3.2 | B25: DEMOLICIÓN PAVIMENTO ASFÁLTICO, CUALQUIER ESPESOR. Incluye compresor neumático con martillo, además recuperación de los materiales aprovechables y/o su transporte hasta el sitio que lo indique la interventoría, y/o cargue transporte y botada, corte de pavimento con máquina. | C25: m2 | D25: 450 | E25: =APU!F864 -> 44858 | F25: =ROUND(D25*E25,2) -> 20186100
A26: 3.3 | B26: DEMOLICIÓN ESTRUCTURAS DE CONCRETO cargue, transporte y botada de escombros, manual o mecánicamente, de cualquier resistencia, reforzado o ciclópeo, y en cualquier clase de estructura. Incluye retiro de refuerzo y cualquier tipo de acabado (revoques y enchapes) o piso (en losas) e instalaciones embebidas, compresor neumático con martillo, además recuperación de los materiales aprovechables o su transporte hasta el sitio que lo indique la interventoría. | C26: m3 | D26: 7.2 | E26: =APU!F912 -> 331321 | F26: =ROUND(D26*E26,2) -> 2385511.2
A27: 4 | B27: MOVIMIENTO DE TIERRA Y LLENOS
A28: 4.1 | B28: EXCAVACIÓN MECÁNICA DE ROCA en Brechas con CUÑA HIDRÁULICA. Incluye perforaciones con taladro neumático rotopercutor de 2" de diámetro, desembombe, extracción del material de la brecha y acarreo interno y acopio donde lo indique la interventoría y todos los demás elementos necesarios para su correcta ejecución. SU MEDIDA SERA EN SITIO. NO INCLUYE BOTADA. | C28: m3 | D28: 20 | E28: =APU!F960 -> 471633 | F28: =ROUND(D28*E28,2) -> 9432660
A29: 4.2 | B29: EXCAVACIÓN MANUAL de material heterogéneo hasta 4.0 m de altura para filtros y fundaciones, bajo cualquier grado de humedad. Incluye: roca descompuesta, bolas de roca de volumen inferior a 0.35 m³., el cargue, transporte interno, a los sitios donde lo indique la interventoría y su medida será en el sitio. No incluye botada ni entibado. | C29: m3 | D29: 900 | E29: =APU!F1008 -> 62340 | F29: =ROUND(D29*E29,2) -> 56106000
A30: 4.3 | B30: EXCAVACIÓN MANUAL PARA PILOTES Ø= 0.40 m. En material heterogéneo (HASTA 2.0 m.). Incluye la extracción del material de los pilotes y acarreo interno de materiales, el cargue, transporte y botada del material proveniente de la excavación en botaderos oficiales o donde lo indique la interventoría Y SU MEDIDA SERA EN SITIO. | C30: m | D30: 69 | E30: =APU!F1056 -> 83046 | F30: =ROUND(D30*E30,2) -> 5730174
A31: 4.4 | B31: Construcción de APUNTALAMIENTO DE TALUDES Corte según diseño, con elementos metálicos y/o de madera, de altura hasta 2.5 m, bajo caulaquiere grado de humedad. Incluye suministro, transporte y colocación de elementos en madera,metálicos (tacos, formaleta), el cargue, transporte interno y externo y su medida será en el sitio, su forma de pago se hará por el área que se encuentre en contacto con la tierra. | C31: m2 | D31: 10 | E31: =APU!F1104 -> 64085 | F31: =ROUND(D31*E31,2) -> 640850
A32: 4.5 | B32: EXCAVACIÓN PARA PILAS DE 0,0 a 4,0 m de profundidad con DÍAMETRO EXTERIOR DE 1,40m, en material heterogéneo, con piedras de hasta 0.05 m³. Incluye anillos de revestimiento en concreto de 2.000 psi. con espesor de 10cm, pozo piloto de bombeo, formaleta en madera común, molinete, motobomba, extracción del material de la pila y acarreo interno y SOBREACARREO de materiales, cargue, transporte y botada del material proveniente de la excavación en botaderos oficiales o donde lo indique la interventoría y todo lo necesario para su correcta construcción. SU MEDIDA SERA EN SITIO. | C32: m | D32: =6*4 -> 24 | E32: =APU!F1152 -> 829214 | F32: =ROUND(D32*E32,2) -> 19901136
A33: 5 | B33: LLENOS
A34: 5.1 | B34: LLENOS EN ARENILLA Y/O MATERIAL DE PRESTAMO, compactados mecánicamente hasta obtener una densidad del 95% de la máxima obtenida en el ensayo del próctor modificado. Incluye transporte interno. Su medida será en sitio ya compactado. | C34: m3 | D34: 50 | E34: =APU!F1200 -> 172954 | F34: =ROUND(D34*E34,2) -> 8647700
A35: 5.2 | B35: LLENOS EN MATERIAL ESTABILIZADO CON CEMENTO CON MATERIAL TIPO SUB-BASE GRANULAR, compactados mecánicamente. Incluye material de préstamo, 2 sacos de cemento 50 kg por cada m3, transporte interno y todo lo necesario para su correcta compactación. Y su medida será en sitio ya compactado. | C35: m3 | D35: =11.38+14.4 -> 25.78 | E35: =E10 -> 299474 | F35: =ROUND(D35*E35,2) -> 7720439.7
A36: 6 | B36: CARGUE, RETIRO Y BOTADA DE MATERIAL SOBRANTE.
A37: 6.1 | B37: CARGUE MANUAL y/o MECÁNICO, TRANSPORTE Y BOTADA de material proveniente de las EXPLANACIONES, EXCAVACIONES Y VOLADURAS DE ROCA. Incluye transportes internos, paleros, derecho de botadero. Se debe hacer en botaderos oficiales autorizados por la entidad competente o hasta el sitio que indique la interventoría. Su medida será en sitio. | C37: m3 | D37: 250 | E37: =+CUADRILLAS!B103 -> 58198 | F37: =ROUND(D37*E37,2) -> 14549500
A38: 7 | B38: ACERO DE REFUERZO
A39: 7.1 | B39: Suministro, transporte e instalación de ACERO DE REFUERZO FIGURADO FY= 420 Mpa-60000 PSI, corrugado. Incluye transporte con descarga, transporte interno, alambre de amarre, certificados y todos los elementos necesarios para su correcta instalación, según diseño y recomendaciones estructurales. | C39: kg | D39: 22200 | E39: =APU!F1344 -> 9039 | F39: =ROUND(D39*E39,2) -> 200665800
A40: 8 | B40: CONCRETOS
A41: 8.1 | B41: Colocación de concreto de 14 Mpa para SOLADO, con un espesor DE 0.05 m. Incluye el suministro y el transporte del concreto y todos los demás elementos necesarios para su correcta construcción, incluye acarreo interno. | C41: m2 | D41: 70 | E41: =APU!F1392 -> 49794 | F41: =ROUND(D41*E41,2) -> 3485580
A42: 8.2 | B42: Colocación de concreto de 21 Mpa para PILOTES Ø= 40cm. HASTA 3.0 m. de profundidad. Incluye suministro y el transporte del concreto, mano de obra, vibrado, protección y curado, para estructuras de acuerdo con las diferentes dimensiones establecidas en los planos y diseños. No incluye refuerzo. | C42: m | D42: 69 | E42: =APU!F1440 -> 131848 | F42: =ROUND(D42*E42,2) -> 9097512
A43: 8.3 | B43: Construcción de ZAPATA, en concreto de 21 MPa., de diferentes medidas, Impermeabilizado con Plastocrete DM de Sika o equivalente. Incluye suministro, transporte y colocación del concreto, formaleta, vibrado, protección para estructuras, armado y desarmado de toda la obra falsa necesaria para la correcta construcción, según diseño. El acero de refuerzo se pagará en su respectivo ítem. Incluye SOBREACARREO DE MATERIALES | C43: m3 | D43: =17.23+18*0.4*0.4+18*0.4*1+10*0.4*0.4 -> 28.91 | E43: =APU!F1488 -> 1074441 | F43: =ROUND(D43*E43,2) -> 31062089
A44: 8.4 | B44: Construcción de MURO DE CONTENCIÓN en concreto de 21Mpa. a la vista, con un ESPESOR DE 0,35 m. Incluye suministro, transporte y colocación del concreto, impermeabilizante integral tipo plastocrete DM o equivalente, formaleta de primera calidad en súper T de 19 mm. para acabado a la vista por una cara, incluye suministro y transporte de los materiales, aristas biseladas, desmoldante, vibrado, protección y curado para estructuras y todos los demás elementos necesarios para su correcta construcción y funcionamiento, de acuerdo con las diferentes dimensiones establecidas en los planos, No incluye refuerzo. Según diseño. Incluye SOBREACARREO de materiales. | C44: m2 | D44: 44.55 | E44: =APU!F1532 -> 582902 | F44: =ROUND(D44*E44,2) -> 25968284
A45: 8.5 | B45: Construcción de MURO DE CONTENCIÓN en concreto de 21Mpa. a la vista, con un ESPESOR DE 0,20 m. Incluye suministro, transporte y colocación del concreto, impermeabilizante integral tipo plastocrete DM o equivalente, formaleta de primera calidad en súper T de 19 mm. para acabado a la vista por una cara, incluye suministro y transporte de los materiales, aristas biseladas, desmoldante, vibrado, protección y curado para estructuras y todos los demás elementos necesarios para su correcta construcción y funcionamiento, de acuerdo con las diferentes dimensiones establecidas en los planos, No incluye refuerzo. Según diseño. Incluye SOBREACARREO de materiales. | C45: m2 | D45: =18*1.5+10*1.7 -> 44 | E45: =APU!F1577 -> 450819 | F45: =ROUND(D45*E45,2) -> 19836036
A46: 8.6 | B46: Construcción de MURO DE CONTENCIÓN en concreto de 21Mpa. a la vista, con un ESPESOR DE 0,25 m. Incluye suministro, transporte y colocación del concreto, impermeabilizante integral tipo plastocrete DM o equivalente, formaleta de primera calidad en súper T de 19 mm. para acabado a la vista por una cara, incluye suministro y transporte de los materiales, aristas biseladas, desmoldante, vibrado, protección y curado para estructuras y todos los demás elementos necesarios para su correcta construcción y funcionamiento, de acuerdo con las diferentes dimensiones establecidas en los planos, No incluye refuerzo. Según diseño. Incluye SOBREACARREO de materiales. | C46: m2 | D46: =18*2.5 -> 45 | E46: =APU!F1622 -> 505313 | F46: =ROUND(D46*E46,2) -> 22739085
A47: 8.7 | B47: Construcción de LOSA DE FONDO MACIZA en concreto PREPARADO EN OBRA de 21 MPa., con un ESPESOR DE 30 cm. Impermeabilizada con Plastocrete DM de Sika o equivalente y adicionado con FIBRA TIPO Nikon. Incluye suministro, transporte y colocación del concreto, formaleta, armado y desarmado de toda la obra falsa necesaria para la correcta construcción de la losa y todos los demás elementos necesarios para su correcto vaciado, según diseño. El acero de refuerzo se pagará en su respectivo ítem según diseño. INCLUYE MANEJO DE AGUAS. | C47: m2 | D47: 27.95 | E47: =+'CUADRO OFICIO'!F27 -> 447965.1 | F47: =ROUND(D47*E47,2) -> 12520625
A48: 8.8 | B48: Construcción de MUROS LATERALES DE CANAL en concreto de 21 MPa., con un ESPESOR DE 25 cm, Impermeabilizado con Plastocrete DM de Sika o equivalente y adicionado con FIBRA SINTÉTICA DE REFUERZO. Incluye suministro, transporte y colocación del concreto, formaleta, armado y desarmado de toda la obra falsa necesaria para la correcta construcción de la losa y todos los demás elementos necesarios para su correcto vaciado, según diseño. El acero de refuerzo se pagará en su respectivo ítem según diseño.. | C48: m2 | D48: 37 | E48: =APU!F1712 -> 553752 | F48: =ROUND(D48*E48,2) -> 20488824
A49: 8.9 | B49: Construcción de LOSA MACIZA SUPERIOR PARA CANAL en concreto de 21MPa., con un ESPESOR DE 25 cm. Impermeabilizada con Plastocrete DM de Sika o equivalente y adicionado con FIBRA SINTÉTICA DE REFUERZO. Incluye suministro, transporte y colocación del concreto, formaleta, armado y desarmado de toda la obra falsa necesaria para la correcta construcción de la losa y todos los demás elementos necesarios para su correcto vaciado, según diseño. El acero de refuerzo se pagará en su respectivo ítem según diseño. INCLUYE MANEJO DE AGUAS. | C49: m2 | D49: 22.65 | E49: =APU!F1757 -> 481271 | F49: =ROUND(D49*E49,2) -> 10900788
A50: 8.1 | B50: Construcción de MUROS INCLINADOS PARA ALETAS DE CANAL en concreto de 21 Mpa., con un ESPESOR DE 25 cm., a la vista. Incluye suministro, transporte y colocación de concreto, formaleta de primera calidad en súper "T" de 19 mm. para acabado a la vista, aristas biseladas, vibrado, protección y curado para estructuras, y todos los demás elementos necesarios para su correcta construcción, de acuerdo con las diferentes dimensiones establecidas en los planos, No incluye refuerzo. Según diseño. Dimensiones variables. | C50: m2 | D50: 11.7 | E50: =APU!F1802 -> 553752 | F50: =ROUND(D50*E50,2) -> 6478898.4
A51: 8.11 | B51: Construcción de descole en piedra y concreto de 21 Mpa, según detalle. Incluye formaleta. Espesor 30 cm. | C51: m2 | D51: 15 | E51: =APU!F1850 -> 296961 | F51: =D51*E51 -> 4454415
A52: 8.12 | B52: Suministro, transporte e impermeabilización para superficies enterradas, con aditivo tipo igol denso o similar, dos manos con una dosificación de 1kg/m2 cada mano, se debe imprimar previamente la superficie con igol imprimante o equivalente, una mano con una dosificación de 200 gr/m2. incluye todo lo necesario para su correcta aplicación según recomendaciones del proveedor del insumo. | C52: m2 | D52: 174.1 | E52: =APU!F1898 -> 112887 | F52: =ROUND(D52*E52,2) -> 19653627
A53: 8.13 | B53: Colocación de concreto de 14 Mpa para SOLADO, con un espesor DE 0.05 m. Incluye el suministro y el transporte del concreto y todos los demás elementos necesarios para su correcta construcción, incluye acarreo interno. | C53: m2 | D53: =57*0.4 -> 22.8 | E53: =APU!F288 -> 50611 | F53: =ROUND(D53*E53,2) -> 1153930.8
A54: 8.14 | B54: =B12 -> Colocación de CONCRETO CICLÓPEO de 21 Mpa y 40% de piedra con un diámetro entre 4" y 10". para REEMPLAZO. Incluye suministro y el transporte del concreto, mano de obra, protección y curado, para estructuras de acuerdo con las diferentes dimensiones establecidas en los planos y diseños y todo lo demás para el correcto proceso constructivo. | C54: m3 | D54: 10 | E54: =APU!F336 -> 684649 | F54: =ROUND(D54*E54,2) -> 6846490
A55: 8.15 | B55: Construcción de PILAS en concreto de de 21 MPa. Incluye suministro, transporte, bombeo con autobomba y colocación del concreto, mano de obra, vibrado, protección, para estructuras de acuerdo con las diferentes dimensiones establecidas en los planos y diseños y todos los demás elementos necesarios para su correcto vaciado. El acero de refuerzo se pagará en su ítem correspondiente. Incluye SOBREACARREO DE MATERIALES. | C55: m3 | D55: =ROUND(6*PI()*0.6^2*4,0) -> 27 | E55: =APU!F2042 -> 934483 | F55: =ROUND(D55*E55,2) -> 25231041
A56: 9 | B56: DRENES Y FILTROS
A57: 9.1 | B57: Instalación de GEOTEXTIL NT 2000 tipo Pavco para filtro o equivalente. Incluye suministro y transporte de los materiales, traslapos, costuras y todos los elementos necesarios para su correcta instalación y funcionamiento. Según diseño. | C57: m2 | D57: 422 | E57: =APU!F2090 -> 12471 | F57: =ROUND(D57*E57,2) -> 5262762
A58: 9.2 | B58: Colocación de MATERIAL GRANULAR limpio de 1" a 1½" para filtros, camas de triturado, reemplazos de suelo o la aplicación para la cual sea necesario. Incluye el suministro y transporte interno y externo del material y todo lo necesario para su correcta instalación según diseño y especificaciones de la interventoría. Su medida será en sitio. INCLUYE SOBREACARREO. | C58: m3 | D58: 62 | E58: =APU!F2138 -> 208289 | F58: =ROUND(D58*E58,2) -> 12913918
A59: 9.3 | B59: Instalación de TUBERÍA DE FILTRO PERFORADA DE Ø=4" para drenajes (filtro). Incluye suministro, transporte y colocación de tubería, las respectivas conexiones y accesorios y todo lo necesario para su correcta instalación y funcionamiento. | C59: m | D59: 112.2 | E59: =APU!F2186 -> 43059 | F59: =ROUND(D59*E59,2) -> 4831219.8
A60: 9.4 | B60: Construcción de cañuela en concreto de 17,5 MPa, con un ancho de 0,40m y 0,10m de espesor, canal longitudinal central semicircular de 0,20m de ancho. Incluye suministro, transporte y colocación del concreto, impermeabilización con plastocrete DM, formaleta en madera, protección y curado del concreto, según diseño. | C60: m | D60: 106.2 | E60: =APU!F2234 -> 53273 | F60: =ROUND(D60*E60,2) -> 5657592.6
A61: 9.5 | B61: Construcción de CUNETA EN "V" en concreto de 21 Mpa., DESARROLLO DE 0.50 m., ESPESOR DE 0.10 m. Incluye suministro, transporte y colocación del concreto, entresuelo 15 cm de piedra y 5 cm de arenilla y todos los demás elementos necesarios para su correcta construcción. Según diseño. | C61: m | D61: 200 | E61: =APU!F2282 -> 99572 | F61: =ROUND(D61*E61,2) -> 19914400
A62: 9.6 | B62: Construcción de POCETA de 1.25x2.20 x altura hasta 180 cm., (medidas externas), muros de espesor de 25 cm., Losa de Fondo de espesor 30 cm., en concreto de 21Mpa. con impermeabilizante integral tipo Sika o equivalente, con concrefibra el piso. Incluye suministro, transporte e instalación de los materiales, formaleta, vibrado y todos los elementos necesarios apara su correcta construcción y funcionamiento. Según diseño y especificaciones. La excavación, llenos, entresuelo y acero de refuerzo se pagarán en su ítem respectivo. | C62: un | D62: 1 | E62: =APU!F2327 -> 4416749 | F62: =ROUND(D62*E62,2) -> 4416749
A63: 9.7 | B63: Construcción de Emboquillada de tubería en pared DE POCETA Y CANAL, según especificaciones técnicas de EEPP de Medellín. Incluye suministro, transporte e instalación de los materiales y todo lo necesario para su correcta ejecución. | C63: un | D63: 8 | E63: =APU!F2375 -> 161510 | F63: =ROUND(D63*E63,2) -> 1292080
A64: 10 | B64: URBANISMOS - VÍAS
A65: 10.1 | B65: EXCAVACIÓN MECÁNICA PARA CAJEO DE VIA de material heterogéneo DE 0.0 - 2.0 m., bajo cualquier grado de humedad. Incluye: roca descompuesta, bolas de roca de volumen inferior a 0.35 m³., el cargue, transporte interno, botada de material proveniente de las excavaciones en los sitios donde lo indique la interventoría y su medida será en el sitio. No incluye entibado. | C65: m3 | D65: =30*0.6+30 -> 48 | E65: =APU!F2423 -> 167214 | F65: =ROUND(D65*E65,2) -> 8026272
A66: 10.2 | B66: Perfilación de vía. Incluye escarificación, nivelación y compactación de la superficie. | C66: m2 | D66: 342.5 | E66: =APU!F2471 -> 9079 | F66: =ROUND(D66*E66,2) -> 3109557.5
A67: 10.3 | B67: Suministro, transporte y colocación de BASE GRANULAR, reacomodado con medios mecánicos y compactado al 100% mínimo del ensayo del proctor modificado, según normas para la construcción de pavimentos del INVIAS, y todo lo necesario para su correcta construcción y funcionamiento. Su medida será tomada en sitio ya compactado. | C67: m3 | D67: =+D66*0.6 -> 205.5 | E67: =APU!F2519 -> 269583 | F67: =ROUND(D67*E67,2) -> 55399306
A68: 10.4 | B68: Suministro, transporte y colocación de mezcla asfáltica en caliente MCD-19 para pavimento según normas para la construcción de pavimentos del INVIAS. Compactada con medios mecánicos. Incluye todo lo necesario para su correcta construcción y funcionamiento. La excavación y la base se pagarán por su respectivo ítem. | C68: m3 | D68: =350*0.1 -> 35 | E68: =APU!F2567 -> 1389533 | F68: =ROUND(D68*E68,2) -> 48633655
A69: 10.5 | B69: Suministro, transporte y colocación de cordón prefabricado de 0.15 x 0.45 x 0.80 m. de concreto de 21 Mpa, tres caras, juntas ranuradas, referencia Bordillo Barrera Recto Tipo U50 (según M.E.P). Incluye excavación, conformación del terreno, ajustes de concreto o pavimento donde sea necesario, mortero 1:4 de asiento y pega en las longitudes más adecuadas para el desarrollo de la obra, y todo lo necesario para su correcta construcción y funcionamiento. Según diseño. | C69: m | D69: 50 | E69: =APU!F2615 -> 122989 | F69: =ROUND(D69*E69,2) -> 6149450
A70: 10.6 | B70: Suministro, transporte y colocación de emulsión asfáltica catiónica de rompimiento lento C.R.L. y/o LIGA para imprimación de superficie a pavimentar según normas para la construcción de pavimentos del INVIAS. Incluye todo lo necesario para su correcta construcción y funcionamiento. | C70: m2 | D70: 350 | E70: =APU!F2663 -> 8590 | F70: =ROUND(D70*E70,2) -> 3006500
A71: 11 | B71: PMT | C71: un | D71: 1 | E71: =PMT!F17 -> 10972443 | F71: =ROUND(D71*E71,2) -> 10972443
A73: 12 | B73: VARIOS
A74: 12.1 | B74: DESCAPOTE A MANO. Incluye el desenraice si es necesario, cargue transporte y botada de material sobrante en botaderos oficiales. Medido en sitio. | C74: m2 | D74: 520 | E74: =APU!F2711 -> 9116 | F74: =ROUND(D74*E74,2) -> 4740320
A75: 12.2 | B75: Extracción de tocon y raices de arbol, cargue, transporte y botada de materiales sobrantes en botaderos oficiales o donde lo indique la interventoría. | C75: un | D75: 3 | E75: =APU!F2759 -> 229820 | F75: =ROUND(D75*E75,2) -> 689460
A76: 12.3 | B76: Llenos con material proveniente de la excavación debidamente compactados en zona de laderas en la quebrada y/o su afluente, incluye conformación, acarrero y Sobre-Acarreo interno de materiales para lugares de dificil acceso, en altura. pendiente, escalas y/o senderos en piedra o en tierra. Entre 0 a 100 m. | C76: m3 | D76: =850*1.3 -> 1105 | E76: =APU!F2807 -> 54511 | F76: =ROUND(D76*E76,2) -> 60234655
A77: 12.4 | B77: Retiro de filtro existente. No incluye botada, incluye transporte interno hasta sitio donde lo indique Interventoría. | C77: m | D77: 43 | E77: 0 | F77: =ROUND(D77*E77,2) -> 0
A78: 12.5 | B78: Manejo de aguas para los diferentes procesos constructivos. Incluye tubería, concreto, canecas de 55 galones. | C78: glb | D78: 1 | E78: =APU!F2903 -> 4221892 | F78: =ROUND(D78*E78,2) -> 4221892
A79: 12.6 | B79: Horas extras y festivas - Dominicales ayudante | C79: hr | D79: 0 | E79: 0 | F79: =ROUND(D79*E79,2) -> 0
A80: 12.7 | B80: Horas extras y festivas - Dominicales oficial | C80: hr | D80: 0 | E80: 0 | F80: =ROUND(D80*E80,2) -> 0
A81: 12.8 | B81: Construcción de trinchos con costales rellenos con material proveniente de la excavación, incluye transporte interno, conformación de taludes en pendiente, costales, cocida, llenado. | C81: un/costal | D81: 1626 | E81: =APU!F2951 -> 7596 | F81: =ROUND(D81*E81,2) -> 12351096
A82: 12.9 | B82: Construcción de CAJA EMPALME FILTROS de 1.20X0.80 x altura hasta 0.80 m., (medidas externas), muros de espesor de 10 cm., Losa de Fondo de espesor 20 cm., en concreto de 21Mpa. con impermeabilizante integral tipo Sika o equivalente, con concrefibra el piso. Incluye suministro, transporte e instalación de los materiales, formaleta, vibrado y todos los elementos necesarios apara su correcta construcción y funcionamiento. Según diseño y especificaciones. La excavación, llenos, entresuelo y acero de refuerzo se pagarán en su ítem respectivo. | C82: un | D82: 1 | E82: =APU!F2996 -> 1106322 | F82: =ROUND(D82*E82,2) -> 1106322
A83: 12.1 | B83: Llenos y acomodada de material proveniente de la excavacion y de derrumbes EN LADERAS DE LA QUEBRADA. El sobre acarreo se paga en el item respectivo | C83: m3 | D83: 0 | E83: 0 | F83: =ROUND(D83*E83,2) -> 0
B86: COSTO DIRECTOS | F86: =SUM(F6:F85) -> 9.1233765e+08
B87: COSTOS ADMINISTRACIÓN | D87: ='AU 4 meses'!I85 -> 0.3175393 | F87: =ROUND(F86*D87,2) -> 2.8970306e+08
B88: UTILIDAD | D88: ='AU 4 meses'!I86 -> 0.05 | F88: =ROUND(F86*D88,2) -> 45616883
B89: IVA SOBRE UTILIDAD | D89: 0 | F89: =+F88*D89 -> 0
B90: COSTO TOTAL OBRA | F90: =ROUND(SUM(F86:F89),2) -> 1.2476576e+09

Sheet APU
B2: ANÁLISIS DE PRECIO UNITARIO
B3: DESCRIPCIÓN | E3: UNIDAD | F3: ÍTEM
B4: ='PRESUPUESTO CALLE 58 SUR'!B6 -> Rocería y limpieza, Incluye cargue, transporte y botada de material en botaderos oficiales o donde indique la interventoría, hasta cualquier altura de la vegetación, incluye desenraice de árboles hasta la altura de la vegetación y de diámetro inferiores a 10 cm. La rocería se realizará a ras de piso. Se utilizará guadaña o machete. | E4: ='PRESUPUESTO CALLE 58 SUR'!C6 -> m2 | F4: ='PRESUPUESTO CALLE 58 SUR'!A6 -> 1.1
B5: Descripción | C5: Unidad | D5: Cantidad | E5: V. Unt. | F5: V.Total
B6: Materiales
B7: =INSUMOS!B192 -> Lonas o costales de fibra de 50 kilos x un + transporte | C7: un | D7: 0.25 | E7: =INSUMOS!D192 -> 2083.3333 | F7: =D7*E7 -> 520.83333
F8: =D8*E8 -> 0
F9: =D9*E9 -> 0
F10: =D10*E10 -> 0
F11: =D11*E11 -> 0
F12: =D12*E12 -> 0
F13: =D13*E13 -> 0
F14: =D14*E14 -> 0
F15: =D15*E15 -> 0
F16: =D16*E16 -> 0
F17: =D17*E17 -> 0
F18: =D18*E18 -> 0
B19: Sub-Total Materiales | F19: =SUM(F7:F18) -> 520.83333
B20: Mano de Obra
B21: =CUADRILLAS!A79 -> Cuad. 1of + 1ay | C21: día | D21: 0.011911371 | E21: =CUADRILLAS!B79 -> 207851 | F21: =D21*E21 -> 2475.7903
F22: =D22*E22 -> 0
F23: =D23*E23 -> 0
F24: =D24*E24 -> 0
B25: Su-Total de Mano de Obra | F25: =SUM(F21:F24) -> 2475.7903
B26: Herramienta
B27: Herramienta menor | C27: (%)mo | D27: 0.05 | E27: =F25 -> 2475.7903 | F27: =D27*E27 -> 123.78951
B28: Sub-Total de Herramienta | F28: =SUM(F27) -> 123.78951
B29: Equipo
B30: =INSUMOS!B487 -> Guadañadora/ cortadora de cesped. Incluye combustible y transporte. | C30: día | D30: 0.005 | E30: =INSUMOS!D487 -> 35200 | F30: =D30*E30 -> 176
F31: =D31*E31 -> 0
F32: =D32*E32 -> 0
F33: =D33*E33 -> 0
F34: =D34*E34 -> 0
F35: =D35*E35 -> 0
F36: =D36*E36 -> 0
F37: =D37*E37 -> 0
F38: =D38*E38 -> 0
F39: =D39*E39 -> 0
F40: =D40*E40 -> 0
F41: =D41*E41 -> 0
B42: Sub-Total de Equipo | F42: =SUM(F30:F41) -> 176
B43: Auxiliares - Transportes
B44: =CUADRILLAS!A103 -> Cargue Manual-Transporte-Botada | C44: m3 | D44: 0.1 | E44: =CUADRILLAS!B103 -> 58198 | F44: =D44*E44 -> 5819.8
F45: =D45*E45 -> 0
F46: =D46*E46 -> 0
B47: Sub-Total Auxiliares-Transportes | F47: =SUM(F44:F46) -> 5819.8
B48: Costo Directo | F48: =ROUND(F19+F25+F28+F42+F47,0) -> 9116
B50: ANÁLISIS DE PRECIO UNITARIO
B51: DESCRIPCIÓN | E51: UNIDAD | F51: ÍTEM
B52: ='PRESUPUESTO CALLE 58 SUR'!B7 -> DEMOLICIÓN DE SUMIDEROS de cualquier tipo y material existentes. Incluye: Cargue, transporte y botada de escombros, recuperación de los materiales aprovechables o su transporte hasta el sitio que lo indique la interventoría. | E52: ='PRESUPUESTO CALLE 58 SUR'!C7 -> un | F52: ='PRESUPUESTO CALLE 58 SUR'!A7 -> 1.2
B53: Descripción | C53: Unidad | D53: Cantidad | E53: V. Unt. | F53: V.Total
B54: Materiales
F55: =D55*E55 -> 0
F56: =D56*E56 -> 0
F57: =D57*E57 -> 0
F58: =D58*E58 -> 0
F59: =D59*E59 -> 0
F60: =D60*E60 -> 0
F61: =D61*E61 -> 0
F62: =D62*E62 -> 0
F63: =D63*E63 -> 0
F64: =D64*E64 -> 0
F65: =D65*E65 -> 0
F66: =D66*E66 -> 0
B67: Sub-Total Materiales | F67: =SUM(F55:F66) -> 0
B68: Mano de Obra
B69: =CUADRILLAS!A81 -> Cuadrilla 2Ayu. | C69: día | D69: 1.1 | E69: =CUADRILLAS!B81 -> 141572 | F69: =D69*E69 -> 155729.2
F70: =D70*E70 -> 0
F71: =D71*E71 -> 0
F72: =D72*E72 -> 0
B73: Su-Total de Mano de Obra | F73: =SUM(F69:F72) -> 155729.2
B74: Herramienta
B75: Herramienta menor | C75: (%)mo | D75: 0.05 | E75: =F73 -> 155729.2 | F75: =D75*E75 -> 7786.46
B76: Sub-Total de Herramienta | F76: =SUM(F75) -> 7786.46
B77: Equipo
B78: =INSUMOS!B225 -> Taladro demoledor Minero sin accesorios | C78: día | D78: 0.5 | E78: =INSUMOS!E225 -> 114484 | F78: =D78*E78 -> 57242
F79: =D79*E79 -> 0
F80: =D80*E80 -> 0
F81: =D81*E81 -> 0
F82: =D82*E82 -> 0
F83: =D83*E83 -> 0
F84: =D84*E84 -> 0
F85: =D85*E85 -> 0
F86: =D86*E86 -> 0
F87: =D87*E87 -> 0
F88: =D88*E88 -> 0
F89: =D89*E89 -> 0
B90: Sub-Total de Equipo | F90: =SUM(F78:F89) -> 57242
B91: Auxiliares - Transportes
B92: =CUADRILLAS!A103 -> Cargue Manual-Transporte-Botada | C92: m3 | D92: 1.3 | E92: =CUADRILLAS!B103 -> 58198 | F92: =D92*E92 -> 75657.4
B93: Acarreo Interno | C93: m3 | D93: 1.3 | E93: 15000 | F93: =D93*E93 -> 19500
F94: =D94*E94 -> 0
B95: Sub-Total Auxiliares-Transportes | F95: =SUM(F92:F94) -> 95157.4
B96: Costo Directo | F96: =ROUND(F67+F73+F76+F90+F95,0) -> 315915
B98: ANÁLISIS DE PRECIO UNITARIO
B99: DESCRIPCIÓN | E99: UNIDAD | F99: ÍTEM
B100: ='PRESUPUESTO CALLE 58 SUR'!B8 -> DEMOLICIÓN PAVIMENTO ASFÁLTICO (para brecha), cargue, transporte y botada de escombros, HASTA ESPESOR DE 4". Incluye corte con máquina de disco según trazado y compresor neumático con martillo, además recuperación de los materiales aprovechables o su transporte hasta el sitio que lo indique la interventoría. | E100: ='PRESUPUESTO CALLE 58 SUR'!C8 -> m2 | F100: ='PRESUPUESTO CALLE 58 SUR'!A8 -> 1.3
B101: Descripción | C101: Unidad | D101: Cantidad | E101: V. Unt. | F101: V.Total
B102: Materiales
F103: =D103*E103 -> 0
...

Sheet PMT
A1: PRESUPUESTO PMT
A2: 1 | B2: Señales informativa Obra. Dimensiones y características según lo establecido por el Manual de Señalización Vial 2015 (*). | C2: un | D2: 3 | E2: 180000 | F2: =ROUND(D2*E2,0) -> 540000
A3: 2 | B3: Señales reglamentarias. Dimensiones y características según lo establecido por el Manual de Señalización Vial 2015 (*). | C3: un | D3: 3 | E3: 180000 | F3: =ROUND(D3*E3,0) -> 540000
A4: 3 | B4: Señales preventivas Obra. Dimensiones y características según lo establecido por el Manual de Señalización Vial 2015 (*). | C4: un | D4: 3 | E4: 180000 | F4: =ROUND(D4*E4,0) -> 540000
A5: 4 | B5: Paleta de pare y siga Dimensiones y características según lo establecido por el Manual de Señalización Vial 2015 | C5: un | D5: 2 | E5: 65000 | F5: =ROUND(D5*E5,0) -> 130000
A6: 5 | B6: Maletín (2,0 x 1,0 m) . (Alquiler) | C6: un | D6: 6 | E6: 85000 | F6: =ROUND(D6*E6,0) -> 510000
A7: 6 | B7: Balizas (1,4 m) | C7: un | D7: 0 | E7: 45000 | F7: =ROUND(D7*E7,0) -> 0
A8: 7 | B8: conos viales (90cm) | C8: un | D8: 5 | E8: 52000 | F8: =ROUND(D8*E8,0) -> 260000
A9: 8 | B9: Faro luminoso (flasher) | C9: un | D9: 0 | E9: 50000 | F9: =ROUND(D9*E9,0) -> 0
A10: 9 | B10: Barricadas con franjas reflectivas grado IV con 1,50m alto y 2,40m de ancho (alquiler) | C10: un | D10: 4 | E10: 65000 | F10: =ROUND(D10*E10,0) -> 260000
A11: 10 | B11: Malla plástica naranja (polietileno de alta densidad, rollo por 50 m, ancho 1,40 m) | C11: m | D11: 500 | E11: 2000 | F11: =ROUND(D11*E11,0) -> 1000000
A12: 11 | B12: Estructuración y Trámite de aprobación de PMT | C12: un | D12: 1 | E12: 3500000 | F12: =ROUND(D12*E12,0) -> 3500000
A13: 12 | B13: Auxiliar de tránsito, incluida dotación | C13: personas/mes | D13: 1 | E13: 1926595 | F13: =ROUND(D13*E13,0) -> 1926595
... A16: 15 | B16: Asesoria Especialista en movilidad | C16: personas-mes | D16: 0 | E16: 2100000 | F16: =ROUND(D16*E16,0) -> 0
A17: TOTAL PMT | F17: =+SUM(F2:F16) -> 10972443
A20: El valor todal presupuestado por CONCRETOS Y MEZCLAS S.A. por concepto de implementación del PLAN DE MANEJO DE TRÁNSITO, reflejada en sus respectivo anexo, es un valor estimado que será un gasto reembolsable demostrable acorde a la Estructuración finalmente aprobada por la Entidad Competente. Lo anterior, con la finalidad de ser ejecutados en la proporcion requerida y durante los tiempos en que se presentan las necesidades que cada uno de ellos busca satisfacer. Dichas actividades serán reconocidas a cargo de reeembolso de gastos.

Sheet CUADRILLAS
A1: ANALISIS DETALLADO DEL PORCENTAJE DE PRESTACIONES SOCIALES OPERATIVO | G1: Histórico del salario mínimo en Colombia desde 1.990
C2: =+B5*1.7233 -> 1925222.5
A3: SALARIO MENSUAL | B3: =H36 -> 1000000 | E3: 100 | G3: Año | H3: Salario mínimo | I3: Auxilio de transporte | K3: % INC. SALARIO | L3: % INC. SUB. TTE
A4: SUBSIDIO TRANSPORTE | B4: =I36 -> 117172 | G4: 1990 | H4: 41025 | I4: 3798 | J4: =H4+I4 -> 44823
A5: SALARIO TOTAL MENSUAL | B5: =B3+B4 -> 1117172 | G5: 1991 | H5: 51720 | I5: 4787 | J5: =H5+I5 -> 56507 | K5: =(H5-H4)/H4 -> 0.2606947 | L5: =(I5-I4)/I4 -> 0.26040021 | M5: 1
A6: JORNAL | B6: =B5/30 -> 37239.067 | G6: 1992 | H6: 65190 | I6: 6033 | J6: =H6+I6 -> 71223 | K6: =(H6-H5)/H5 -> 0.26044084 | L6: =(I6-I5)/I5 -> 0.26028828 | M6: 2
A7: TOTAL SALARIO ANUAL | B7: =B3*C7 -> 12166667 | C7: =365/30 -> 12.166667 | G7: 1993 | H7: 81520 | I7: 7542 | J7: =H7+I7 -> 89062 | K7: =(H7-H6)/H6 -> 0.25049854 | L7: =(I7-I6)/I6 -> 0.25012432 | M7: 3
A8: TOTAL SALARIO + TRANSPORTE ANUAL | B8: =B5*C7 -> 13592259 | G8: 1994 | H8: 89700 | I8: 8705 | J8: =H8+I8 -> 98405 | K8: =(H8-H7)/H7 -> 0.10034347 | L8: =(I8-I7)/I7 -> 0.15420313 | M8: 4
A9: PRESTACIONES | B9: BASE | C9: FACTOR | D9: VALOR | E9: % | G9: 1995 | H9: 118934 | I9: 10815 | J9: =H9+I9 -> 129749 | K9: =(H9-H8)/H8 -> 0.32590858 | L9: =(I9-I8)/I8 -> 0.24238943 | M9: 5
A10: CESANTIAS ANUAL | B10: =B8*C10 -> 1340606.4 | C10: =36/365 -> 0.098630137 | D10: =B10*C10 -> 132224.19 | E10: =B10/$B$7 -> 0.11018683 | G10: 1996 | H10: 142125 | I10: 13567 | J10: =H10+I10 -> 155692 | K10: =(H10-H9)/H9 -> 0.1949905 | L10: =(I10-I9)/I9 -> 0.2544614 | M10: 6
A11: INTERESES CESANTIAS | B11: =$B$10*C11 -> 160872.77 | C11: 0.12 | D11: =D10*C11 -> 15866.903 | E11: =B11/$B$7 -> 0.013222419 | G11: 1997 | H11: 172005 | I11: 17250 | J11: =H11+I11 -> 189255 | K11: =(H11-H10)/H10 -> 0.21023747 | L11: =(I11-I10)/I10 -> 0.27146753 | M11: 7
A12: VACACIONES - 15 DIAS | B12: =B3*C12 -> 500000 | C12: 0.5 | D12: =B3/30*15 -> 500000 | E12: =B12/$B$7 -> 0.04109589 | G12: 1998 | H12: 203825 | I12: 20700 | J12: =H12+I12 -> 224525 | K12: =(H12-H11)/H11 -> 0.18499462 | L12: =(I12-I11)/I11 -> 0.2 | M12: 8
A13: PRIMA - 30 DIAS | B13: =$B$4+$B$3 -> 1117172 | C13: 1 | D13: =B3+B4 -> 1117172 | E13: =D13/12/(B3+B4) -> 0.083333333 | G13: 1999 | H13: 236438 | I13: 24012 | J13: =H13+I13 -> 260450 | K13: =(H13-H12)/H12 -> 0.16000491 | L13: =(I13-I12)/I12 -> 0.16 | M13: 9
A14: OTROS COSTOS | G14: 2000 | H14: 260100 | I14: 26413 | J14: =H14+I14 -> 286513 | K14: =(H14-H13)/H13 -> 0.10007698 | L14: =(I14-I13)/I13 -> 0.099991671 | M14: 10
A15: Hidratación - Otros | E15: 0.01 | G15: 2001 | H15: 286000 | I15: 30000 | J15: =H15+I15 -> 316000 | K15: =(H15-H14)/H14 -> 0.099577086 | L15: =(I15-I14)/I14 -> 0.13580434 | M15: 11
A16: DOTACIÓN( 3 AL AÑO) | C16: =$B$4+$B$3 -> 1117172 | D16: =+(500000/12) -> 41666.667 | E16: 0.05 | G16: 2002 | H16: 309000 | I16: 34000 | J16: =H16+I16 -> 343000 | K16: =(H16-H15)/H15 -> 0.08041958 | L16: =(I16-I15)/I15 -> 0.13333333 | M16: 12
A17: EPP | E17: 0.06 | G17: 2003 | H17: 332000 | I17: 37500 | J17: =H17+I17 -> 369500 | K17: =(H17-H16)/H16 -> 0.074433657 | L17: =(I17-I16)/I16 -> 0.10294118 | M17: 13
A18: SEGURIDAD SOCIAL | G18: 2004 | H18: 358000 | I18: 41600 | J18: =H18+I18 -> 399600 | K18: =(H18-H17)/H17 -> 0.078313253 | L18: =(I18-I17)/I17 -> 0.10933333 | M18: 14
A19: PENSIONES ANUAL | B19: =B3 -> 1000000 | C19: 0.12 | D19: =B5*C19 -> 134060.64 | E19: =D19/B5 -> 0.12 | G19: 2005 | H19: 381500 | I19: 44500 | J19: =H19+I19 -> 426000 | K19: =(H19-H18)/H18 -> 0.065642458 | L19: =(I19-I18)/I18 -> 0.069711538 | M19: 15
A20: MEDICINA FAMILIAR-EPS | B20: =B3 -> 1000000 | C20: 0 | D20: =B5*C20 -> 0 | E20: 0.085 | G20: 2006 | H20: 408000 | I20: 47700 | J20: =H20+I20 -> 455700 | K20: =(H20-H19)/H19 -> 0.069462647 | L20: =(I20-I19)/I19 -> 0.071910112 | M20: 16
A21: RIESGOS PROFESIONALES | B21: =B3 -> 1000000 | C21: 0.0696 | D21: =B5*C21 -> 77755.171 | E21: =D21/B5 -> 0.0696 | G21: 2007 | H21: 433700 | I21: 50800 | J21: =H21+I21 -> 484500 | K21: =(H21-H20)/H20 -> 0.062990196 | L21: =(I21-I20)/I20 -> 0.064989518 | M21: 17
A22: OTROS APORTES | D22: EPP | G22: 2008 | H22: 461500 | I22: 55000 | J22: =H22+I22 -> 516500 | K22: =(H22-H21)/H21 -> 0.064099608 | L22: =(I22-I21)/I21 -> 0.082677165 | M22: 18
A23: AUTORENTA | E23: 0.01 | G23: 2009 | H23: 496900 | I23: 59300 | J23: =H23+I23 -> 556200 | K23: =(H23-H22)/H22 -> 0.076706392 | L23: =(I23-I22)/I22 -> 0.078181818 | M23: 19
A24: SENA SE (EXONERA artículo 65 de la Ley 1819 de 2016) | B24: =B3 -> 1000000 | D24: =B5*C24 -> 0 | E24: =D24/B5 -> 0 | G24: 2010 | H24: 515000 | I24: 61500 | J24: =H24+I24 -> 576500 | K24: =(H24-H23)/H23 -> 0.03642584 | L24: =(I24-I23)/I23 -> 0.037099494 | M24: 20
A25: ICBF SE (EXONERA artículo 65 de la Ley 1819 de 2016) | B25: =B3 -> 1000000 | D25: =B5*C25 -> 0 | E25: =D25/B5 -> 0 | G25: 2011 | H25: 535600 | I25: 63600 | J25: =H25+I25 -> 599200 | K25: =(H25-H24)/H24 -> 0.04 | L25: =(I25-I24)/I24 -> 0.034146341 | M25: 21
A26: SUBSIDIO FAMILIAR-CAJA DE COMPENSACIÓN | B26: =B3 -> 1000000 | C26: 0.04 | D26: =B5*C26 -> 44686.88 | E26: 0.04 | G26: 2012 | H26: 566700 | I26: 67800 | J26: =H26+I26 -> 634500 | K26: =(H26-H25)/H25 -> 0.058065721 | L26: =(I26-I25)/I25 -> 0.066037736 | M26: 22
A27: FIC (Fondo Nacional de Formación Profesional de la Industria de la Construcción) | B27: =B3/40*15 -> 375000 | C27: =B27/B7 -> 0.030821918 | D27: =B5*C27 -> 34433.384 | E27: =B27/B7 -> 0.030821918 | G27: 2013 | H27: 589500 | I27: 70500 | J27: =H27+I27 -> 660000 | K27: =(H27-H26)/H26 -> 0.040232927 | L27: =(I27-I26)/I26 -> 0.039823009 | M27: 23
D28: TOTAL | E28: =SUM(E10:E27) -> 0.72326039 | G28: 2014 | H28: 616000 | I28: 72000 | J28: =H28+I28 -> 688000 | K28: =(H28-H27)/H27 -> 0.04495335 | L28: =(I28-I27)/I27 -> 0.021276596 | M28: 24
G29: 2015 | H29: 644350 | I29: 73950 | J29: =H29+I29 -> 718300 | K29: =(H29-H28)/H28 -> 0.046022727 | L29: =(I29-I28)/I28 -> 0.027083333 | M29: 25
G30: 2016 | H30: 689455 | I30: 77700 | J30: =H30+I30 -> 767155 | K30: =(H30-H29)/H29 -> 0.070000776 | L30: =(I30-I29)/I29 -> 0.050709939 | M30: 26
B31: Salario Mensual | C31: Salario + Pret. + Aux Tte. | D31: Días Laborados | E31: Salario Día | G31: 2017 | H31: =H30*1.07 -> 737716.85 | I31: 83140 | J31: =H31+I31 -> 820856.85 | K31: 0.07 | L31: =(I31-I30)/I30 -> 0.07001287 | M31: 27
A32: Ayudante | B32: =B3 -> 1000000 | C32: =IF(B32<=$B$3*2,ROUND(B32*(1+$E$28)+$B$4,0),ROUND(B32*(1+$E$28),0)) -> 1840432 | D32: 26 | E32: =ROUND(C32/D32,0) -> 70786 | G32: 2018 | H32: 781242 | I32: 88211 | J32: =H32+I32 -> 869453 | K32: 0.059 | L32: 0.061 | M32: 28
A33: Ayudante Entendido | B33: =ROUND($B$3*1.05,0) -> 1050000 | C33: =IF(B33<=$B$3*2,ROUND(B33*(1+$E$28)+$B$4,0),ROUND(B33*(1+$E$28),0)) -> 1926595 | D33: 26 | E33: =ROUND(C33/D33,0) -> 74100 | G33: 2019 | H33: 828116 | I33: 97032 | J33: =H33+I33 -> 925148 | K33: =(H33-H32)/H32 -> 0.059999334 | L33: =(I33-I32)/I32 -> 0.099998866 | M33: 29
A34: Ayudante O. Blanca | B34: =ROUND($B$3*1.05,0) -> 1050000 | C34: =IF(B34<=$B$3*2,ROUND(B34*(1+$E$28)+$B$4,0),ROUND(B34*(1+$E$28),0)) -> 1926595 | D34: 26 | E34: =ROUND(C34/D34,0) -> 74100 | G34: 2020 | H34: 877803 | I34: 102854 | J34: =H34+I34 -> 980657 | K34: =(H34-H33)/H33 -> 0.060000048 | L34: =(I34-I33)/I33 -> 0.060000824 | M34: 30
A35: Ofical O. Negra | B35: =ROUND($B$3*2,0) -> 2000000 | C35: =IF(B35<=$B$3*2,ROUND(B35*(1+$E$28)+$B$4,0),ROUND(B35*(1+$E$28),0)) -> 3563693 | D35: 26 | E35: =ROUND(C35/D35,0) -> 137065 | G35: 2021 | H35: 908526 | I35: 106454 | J35: =H35+I35 -> 1014980 | K35: =(H35-H34)/H34 -> 0.03499988 | L35: =(I35-I34)/I34 -> 0.035001069 | M35: 31
A36: Oficial O. Blanca | B36: =ROUND(B35*1.05,0) -> 2100000 | C36: =IF(B36<=$B$3*2,ROUND(B36*(1+$E$28)+$B$4,0),ROUND(B36*(1+$E$28),0)) -> 3618847 | D36: 26 | E36: =ROUND(C36/D36,0) -> 139186 | G36: 2022 | H36: 1000000 | I36: 117172 | J36: =H36+I36 -> 1117172 | K36: =(H36-H35)/H35 -> 0.10068397 | L36: =(I36-I35)/I35 -> 0.10068198 | M36: 32
A37: Minero | B37: =+B36*1.24322 -> 2610762 | C37: =IF(B37<=$B$3*2,ROUND(B37*(1+$E$28)+$B$4,0),ROUND(B37*(1+$E$28),0)) -> 4499023 | D37: 26 | E37: =ROUND(C37/D37,0) -> 173039
A38: Pileros | B38: =+B36*1.24322 -> 2610762 | C38: =IF(B38<=$B$3*2,ROUND(B38*(1+$E$28)+$B$4,0),ROUND(B38*(1+$E$28),0)) -> 4499023 | D38: 26 | E38: =ROUND(C38/D38,0) -> 173039
A39: Topografo | B39: =B36*1.9 -> 3990000 | C39: =IF(B39<=$B$3*2,ROUND(B39*(1+$E$28)+$B$4,0),ROUND(B39*(1+$E$28),0)) -> 6875809 | D39: 26 | E39: =ROUND(C39/D39,0) -> 264454
A40: Soldador | B40: =ROUND($B$3*1.8,0) -> 1800000 | C40: =IF(B40<=$B$3*2,ROUND(B40*(1+$E$28)+$B$4,0),ROUND(B40*(1+$E$28),0)) -> 3219041 | D40: 26 | E40: =ROUND(C40/D40,0) -> 123809
A41: Montador de estructura | B41: =ROUND($B$3*2,0) -> 2000000 | C41: =IF(B41<=$B$3*2,ROUND(B41*(1+$E$28)+$B$4,0),ROUND(B41*(1+$E$28),0)) -> 3563693 | D41: 26 | E41: =ROUND(C41/D41,0) -> 137065
A42: Oficial de pintura | B42: =ROUND(B41*1.05,0) -> 2100000 | C42: =IF(B42<=$B$3*2,ROUND(B42*(1+$E$28)+$B$4,0),ROUND(B42*(1+$E$28),0)) -> 3618847 | D42: 26 | E42: =ROUND(C42/D42,0) -> 139186
A44: ANALISIS DETALLADO DEL PORCENTAJE DE PRESTACIONES SOCIALES ADMINISTRATIVO | H44: PROM. % INCREMENTO | K44: =SUM(K5:K43)/M31 -> 0.12741556 | L44: =SUM(L5:L43)/M31 -> 0.1372252
B46: PARCIAL | C46: TOTAL
A48: 1. SUELDO | B48: 100 | C48: =+B48 -> 100
A50: 2. PRESTACIONES SOCIALES | C50: =SUM(B51:B56) -> 22.836
A51: Fondo de Solidaridad | B51: 1
A52: Cesantias | B52: 8.333
A53: Prima de Servicios | B53: 8.333
A54: Intereses Cesantias | B54: 1
A55: Vacaciones | B55: 4.17
A56: Auxilio de trasporte | B56: 0
A58: 3. APORTES | C58: =SUM(B60:B62) -> 27.46
A60: Salud | B60: 8.5
A61: Pensión | B61: 12
A62: Riesgos Profesionales | B62: 6.96
A64: 4. APORTES PARAFISCALES | C64: =SUM(B66:B68) -> 9
A66: SENA | B66: 2
A67: ICBF | B67: 3
A68: Subsidio Familiar | B68: 4
C69: =SUM(C48:C68) -> 159.296
C70: =ROUND((C69/100),3) -> 1.593
A72: Cuad. Prep.Concreto (1of+5ay) | B72: =+E35+5*E32 -> 490995
A73: Cuad. Estruct. Muros (2of + 4ay) | B73: =2*E35+4*E32 -> 557274
A74: Cuad. Estruct. Losas (2of + 6ay) | B74: =2*E35+6*E32 -> 698846
A75: Cuad. Eléctrica (1ofE+1ayE) | B75: =+E36+E33 -> 213286
A76: Cuad. Hidrosa. (1ofH+1ayH) | B76: =+E36+E33 -> 213286
A77: Comisión Topog. (1Top+1Cad1+1Cad2) | B77: =+E39+E35+E32 -> 472305
A78: Cuad. 1of + 1 ay Ent | B78: =+E35+E33 -> 211165
A79: Cuad. 1of + 1ay | B79: =+E35+E32 -> 207851
A80: 1Ay Raso | B80: =+E32 -> 70786
A81: Cuadrilla 2Ayu. | B81: =+E32*2 -> 141572
A82: Cuadrilla Cargue Paleros - 2Ayu. | B82: =+B80*2 -> 141572
A83: Cuadrilla Sobreacarreo, - 2Ayu. | B83: =B82 -> 141572
A84: 1Ay Entendido | B84: 85000
A85: 1 Ay Obra Blanca | B85: =E34 -> 74100
A86: Cuadrilla Mampostería (1of O.B + 2ay) | B86: =E36+2*E32 -> 280758
A87: Cuadrilla labores varias (1of + 2ay) | B87: =E35+2*E32 -> 278637
A88: Cuad. Exc. Plias (2pileros+1ay) | B88: =2*E38+E33 -> 420178
A89: Cuad. Anillos Pilas (2pileros) | B89: =E38*2 -> 346078
A90: Cuadrilla Minería (1of Minero+ 1ayE) | B90: =+E37+E33 -> 247139
A91: Cuadrilla Exc y Llenos. (1ayE + 2ay) | B91: =+E33+2*E32 -> 215672
A92: Cuad. Concreto (1of + 3ay) | B92: =+E35+3*E32 -> 349423
A93: Cuad. Fig y Coloc Acero (1of+ 2ay) | B93: =+E35+2*E32 -> 278637
A94: Cuad. Filtros (1of + 2 ay) | B94: =+E35+2*E32 -> 278637
A95: Cuad. Sistema Bombeo Bentonita (4ay) | B95: =4*E32 -> 283144
A96: Cuadrilla asistencia Piloteadora (1 of + 4ay) | B96: =E35+4*E32 -> 420209
A97: Cuadrilla de labores varias (1 of + 4 ay) | B97: =E35+E32*4 -> 420209
A98: Cuadrilla de cerrajería | B98: =E36+2*E32 -> 280758
A99: Cuadrilla de estructura metálica (1Sold+1mont est.+2ay ent.) | B99: =E40+E41+2*E33 -> 409074
A100: Profesional Forestal | B100: =3000000*C70/30 -> 159300
A101: Cuadrilla enchapes (1of O.B. + 2 ay O.B.) | B101: =E36+2*E34 -> 287386
A102: Cuadrilla Pavimentos (1E+2Rastrilleros+1Ligador+6Ayudantes) | B102: =+E37+2*E35+E33+6*E32 -> 945985
A103: Cargue Manual-Transporte-Botada | B103: 58198
A104: Cuadrilla Pavimentos (1E+2Rastrilleros+1Ligador+6Ayudantes)

Sheet INSUMOS
A1: TIPO | B1: DESCRIPCIÓN | C1: UNIDAD | D1: VALOR UNITARIO (incluye IVA) | E1: GERFOR | F1: 2022 | G1: cotización
A2: MATERIALES | B2: Tubaría NOVALOC x 6 metros, diámetro 45", incluye transporte a obra. | C2: m | D2: =ROUND(2571022+50000,0) -> 2621022 | G2: =+D2/6 -> 436837
A3: MATERIALES | B3: Tubaría NOVALOC x 6 metros, diámetro 48", incluye transporte a obra. | C3: m | D3: =3078292+50000 -> 3128292
A4: MATERIALES | B4: Tubaría NOVALOC x 6 metros, diámetro 51", incluye transporte a obra. | C4: m | D4: =3611689+50000 -> 3661689
A5: MATERIALES | B5: Tubaría NOVALOC x 6 metros, diámetro 54", incluye transporte a obra. | C5: m | D5: =3802162+50000 -> 3852162
A6: MATERIALES | B6: Tubaría NOVALOC x 6 metros, diámetro 57", incluye transporte a obra. | C6: m | D6: =3970392+50000 -> 4020392
A7: MATERIALES | B7: Tubaría NOVALOC x 6 metros, diámetro 60", incluye transporte a obra. | C7: m | D7: =4497322 -> 4497322 | G7: =2188047*1.19 -> 2603775.9
A8: MATERIALES | B8: Bisel NOVALOC diámetro 45" | C8: un | D8: 200454
A9: MATERIALES | B9: Bisel NOVALOC diámetro 48" | C9: un | D9: 200454
A10: MATERIALES | B10: Bisel NOVALOC diámetro 51" | C10: un | D10: 206558
A11: MATERIALES | B11: Bisel NOVALOC diámetro 54" | C11: un | D11: 208851
A12: MATERIALES | B12: Bisel NOVALOC diámetro 60" | C12: un | D12: 227889
A13: MATERIALES | B13: Accesorio alcantarillado corrugada doble pared Sello Corma diámetro 36" | C13: un | D13: 0 | E13: 194000
A14: MATERIALES | B14: Accesorio alcantarillado perfilado Sello Biselado diámetro 39" | C14: un | D14: 0 | E14: 74700
A15: MATERIALES | B15: Accesorio alcantarillado perfilado Sello Biselado diámetro 42" | C15: un | D15: 0 | E15: 80300
A16: MATERIALES | B16: Accesorio alcantarillado perfilado Sello Elastomérico diámetro 39" (unión-Campana) | C16: un | D16: 0 | E16: 150100
A17: MATERIALES | B17: Accesorio alcantarillado perfilado Sello Elastomérico diámetro 42" (unión-Campana) | C17: un | D17: 0 | E17: 168000
B18: Hidrosellos diámetro39" | C18: un | D18: 230634
A19: MATERIALES | B19: Hidrosellos diámetro 45" | C19: un | D19: 230635
A20: MATERIALES | B20: Hidrosellos diámetro 48" | C20: un | D20: 230635
A21: MATERIALES | B21: Hidrosellos diámetro 51" | C21: un | D21: 238169
A22: MATERIALES | B22: Hidrosellos diámetro 54" | C22: un | D22: 256712
A23: MATERIALES | B23: Hidrosellos diámetro 60" | C23: un | D23: 283372
A24: MATERIALES | B24: Unióm Perfilado diámetro 39" | C24: un | D24: 0 | E24: 1636000
A25: MATERIALES | B25: Unióm Perfilado diámetro 42" | C25: un | D25: 0 | E25: 2200000
A26: MATERIALES | B26: Uniones NOVALOC 45" | C26: un | D26: 849415
A27: MATERIALES | B27: Uniones NOVALOC 48" | C27: un | D27: 927035
A28: MATERIALES | B28: Uniones NOVALOC 51" | C28: un | D28: 1112617
A29: MATERIALES | B29: Uniones NOVALOC 54" | C29: un | D29: 1185314
A30: MATERIALES | B30: Uniones NOVALOC 57" | C30: un | D30: 1322443
A31: MATERIALES | B31: Uniones NOVALOC 60" | C31: un | D31: 1391920
A32: MATERIALES | B32: Soldadura PVC Barra 1/8 | C32: un | D32: 4058
A33: MATERIALES | B33: Tubería NOVAFORT x 6 metros, incluye transporte a obra, diámetro 110 mm | C33: m | D33: =132298/6+15000 -> 37049.667 | E33: =105540/6+15000 -> 32590
A34: MATERIALES | B34: Tubería NOVAFORT x 6 metros, incluye transporte a obra, diámetro 160 mm | C34: m | D34: =256007/6+15000 -> 57667.833 | E34: =204230/6+15000 -> 49038.333
A35: MATERIALES | B35: Tubería NOVAFORT x 6 metros, incluye transporte a obra, diámetro 200 mm | C35: m | D35: =365963/6+15000 -> 75993.833 | E35: =290000/6+15000 -> 63333.333
A36: MATERIALES | B36: Tubería NOVAFORT x 6 metros, incluye transporte a obra, diámetro 250 mm | C36: m | D36: =534506/6+15000 -> 104084.33 | E36: =70.8333333333333+15000 -> 15070.833
A37: MATERIALES | B37: Tubería NOVAFORT x 6 metros, incluye transporte a obra, diámetro 315 mm | C37: m | D37: =769122/6+15000 -> 143187 | E37: =613000/6+15000 -> 117166.67
A38: MATERIALES | B38: Tubería NOVAFORT x 6 metros, incluye transporte a obra, diámetro 355 mm | C38: m | D38: =1152632/6+30000 -> 222105.33 | E38: =152.666666666667+30000 -> 30152.667
A39: MATERIALES | B39: Tubería NOVAFORT x 6 metros, incluye transporte a obra, diámetro 400 mm | C39: m | D39: =1409793/6+30000 -> 264965.5 | E39: =1124500/6+30000 -> 217416.67
A40: MATERIALES | B40: Tubería NOVAFORT x 6 metros, incluye transporte a obra, diámetro 450 mm | C40: m | D40: =1820748/6+50000 -> 353458 | E40: =1420000/6+50000 -> 286666.67
A41: MATERIALES | B41: Tubería NOVAFORT x 6 metros, incluye transporte a obra, diámetro 500 mm | C41: m | D41: =2373717/6+50000 -> 445619.5 | E41: =1850000/6+50000 -> 358333.33
A42: MATERIALES | B42: Tubería NOVAFORT x 6.5 metros, incluye transporte a obra, diámetro 24" | C42: m | D42: =3523765/6+30000 -> 617294.17 | E42: =2900000/6.5+50000 -> 496153.85
A43: MATERIALES | B43: Tubería NOVAFORT x 6.5 metros, incluye transporte a obra, diámetro 27" | C43: m | D43: =4219270/6+30000 -> 733211.67 | E43: =3450000/6.5+50000 -> 580769.23
A44: MATERIALES | B44: Tubería NOVAFORT x 6.5 metros, incluye transporte a obra, diámetro 30" | C44: m | D44: =5265241/6 -> 877540.17 | E44: =4290000/6.5+50000 -> 710000
A45: MATERIALES | B45: Tubería NOVAFORT x 6.5 metros, incluye transporte a obra, diámetro 33" | C45: m | D45: =7005889/6 -> 1167648.2 | E45: =5680000/6.5+50000 -> 923846.15
A46: MATERIALES | B46: Tubería NOVAFORT x 6.5 metros, incluye transporte a obra, diámetro 36" | C46: m | D46: =9772940/6 -> 1628823.3 | E46: =7750000/6.5+50000 -> 1242307.7 | G46: =5729690*1.19/6.5 -> 1048974
A47: MATERIALES | B47: Tubería NOVAFORT x 6.5 metros, incluye transporte a obra, diámetro 39" | C47: m | D47: =13075778/6 -> 2179296.3 | F47: =10595000/6.5+50000 -> 1680000 | G47: =7666081*1.19/6.5 -> 1403482.5
A48: MATERIALES | B48: Tubería NOVAFORT x 6.5 metros, incluye transporte a obra, diámetro 42" | C48: m | D48: =15350836/6 -> 2558472.7 | E48: =12650000/6.5+50000 -> 1996153.8 | F48: =12650000/6.5+50000 -> 1996153.8 | G48: =8999903*1.19/6.5 -> 1647674.5
A49: MATERIALES | B49: Tubería NOVAFORT x 6.5 metros, incluye transporte a obra, diámetro 45" | C49: m | D49: =16558328/6 -> 2759721.3
A50: MATERIALES | B50: Tubería NOVAFORT x 6.5 metros, incluye transporte a obra, diámetro 48" | C50: m | D50: =20185790/6 -> 3364298.3 | E50: =16650000/6.5+50000 -> 2611538.5
A51: MATERIALES | B51: Conexiones Alcantarillado NOVAFORT uniones Diámetro 110 mm | C51: un | D51: 15679
A52: MATERIALES | B52: Conexiones Alcantarillado NOVAFORT uniones Diámetro 160 mm | C52: un | D52: 37992
A53: MATERIALES | B53: Conexiones Alcantarillado NOVAFORT uniones Diámetro 200 mm | C53: un | D53: 63772
A54: MATERIALES | B54: Conexiones Alcantarillado NOVAFORT uniones Diámetro 250 mm | C54: un | D54: 181139
A55: MATERIALES | B55: Conexiones Alcantarillado NOVAFORT uniones Diámetro 315 mm | C55: un | D55: 309933
A56: MATERIALES | B56: Conexiones Alcantarillado NOVAFORT uniones Diámetro 355 mm | C56: un | D56: 411404
A57: MATERIALES | B57: Conexiones Alcantarillado NOVAFORT uniones Diámetro 400 mm | C57: un | D57: 472541
A58: MATERIALES | B58: Conexiones Alcantarillado NOVAFORT uniones Diámetro 450 mm | C58: un | D58: 497053
A59: MATERIALES | B59: Conexiones Alcantarillado NOVAFORT uniones Diámetro 500 mm | C59: un | D59: 558432
A60: MATERIALES | B60: Conexiones Alcantarillado NOVAFORT uniones Diámetro 24" | C60: un | D60: 654231
A61: MATERIALES | B61: Conexiones Alcantarillado NOVAFORT uniones Diámetro 27" | C61: un | D61: 736009
A62: MATERIALES | B62: Conexiones Alcantarillado NOVAFORT uniones Diámetro 30" | C62: un | D62: 919105
... A71: MATERIALES | B71: Conexiones Alcantarillado NOVAFORTCodos 45° Diámetro 110 mm | C71: un | D71: 28110
A72: MATERIALES | B72: Conexiones Alcantarillado NOVAFORTCodos 45° Diámetro 160 mm | C72: un | D72: 67485 | E72: KIT SILLA YEE
A73: MATERIALES | B73: Conexiones Alcantarillado NOVAFORT Sillas Yee Diámetro 160x110 | C73: un | D73: 93914 | E73: =130923+10000 -> 140923
A74: MATERIALES | B74: Conexiones Alcantarillado NOVAFORT Sillas Yee Diámetro 200x110 | C74: un | D74: 115027 | E74: =151331+10000 -> 161331
A75: MATERIALES | B75: Conexiones Alcantarillado NOVAFORT Sillas Yee Diámetro 200x160 | C75: un | D75: 115027 | E75: =+E74 -> 161331
A76: MATERIALES | B76: Conexiones Alcantarillado NOVAFORT Sillas Yee Diámetro 250x110 | C76: un | D76: 133381 | E76: =171075+10000 -> 181075
A77: MATERIALES | B77: Conexiones Alcantarillado NOVAFORT Sillas Yee Diámetro 250x160 | C77: un | D77: 133382 | E77: =+E76 -> 181075
A78: MATERIALES | B78: Conexiones Alcantarillado NOVAFORT Sillas Yee Diámetro 250x200 | C78: un | D78: 197793
A79: MATERIALES | B79: Conexiones Alcantarillado NOVAFORT Sillas Yee Diámetro 315x110 | C79: un | D79: 206789 | E79: =257234+10000 -> 267234
A80: MATERIALES | B80: Conexiones Alcantarillado NOVAFORT Sillas Yee Diámetro 315x160 | C80: un | D80: 206789 | E80: =+E79 -> 267234
A81: MATERIALES | B81: Conexiones Alcantarillado NOVAFORT Sillas Yee Diámetro 315x200 | C81: un | D81: 279549 | E81: =267800+10000 -> 277800
A82: MATERIALES | B82: Conexiones Alcantarillado NOVAFORT Sillas Yee Diámetro 355x110 | C82: un | D82: 311325
A83: MATERIALES | B83: Conexiones Alcantarillado NOVAFORT Sillas Yee Diámetro 355x160 | C83: un | D83: 311325
A84: MATERIALES | B84: Conexiones Alcantarillado NOVAFORT Sillas Yee Diámetro 355x200 | C84: un | D84: 311325
A85: MATERIALES | B85: Conexiones Alcantarillado NOVAFORT Sillas Yee Diámetro 400x110 | C85: un | D85: 341359
A86: MATERIALES | B86: Conexiones Alcantarillado NOVAFORT Sillas Yee Diámetro 400x160 | C86: un | D86: 341359 | E86: 401359
A87: MATERIALES | B87: Conexiones Alcantarillado NOVAFORT Sillas Yee Diámetro 400x200 | C87: un | D87: 341359
A88: MATERIALES | B88: Conexiones Alcantarillado NOVAFORT Sillas Yee Diámetro 400x250 | C88: un | D88: 341359
A89: MATERIALES | B89: Conexiones Alcantarillado NOVAFORT Sillas Yee Diámetro 450x160 | C89: un | D89: 365124
A90: MATERIALES | B90: Conexiones Alcantarillado NOVAFORT Sillas Yee Diámetro 450x200 | C90: un | D90: 365124
A91: MATERIALES | B91: Conexiones Alcantarillado NOVAFORT Sillas Yee Diámetro 500x160 | C91: un | D91: 557002
A92: MATERIALES | B92: Conexiones Alcantarillado NOVAFORT Sillas Yee Diámetro 500x200 | C92: un | D92: 557007
A93: MATERIALES | B93: Conexiones Alcantarillado NOVAFORT Sillas Yee Diámetro 24x160 | C93: un | D93: 457181
A94: MATERIALES | B94: Conexiones Alcantarillado NOVAFORT Sillas Yee Diámetro 24x200 | C94: un | D94: 565822
A95: MATERIALES | B95: Conexiones Alcantarillado NOVAFORT Sillas Yee Diámetro 27x160 | C95: un | D95: 567494
A96: MATERIALES | B96: Conexiones Alcantarillado NOVAFORT Sillas Yee Diámetro 27x200 | C96: un | D96: 569157
A97: MATERIALES | B97: Conexiones Alcantarillado NOVAFORT Sillas Yee Diámetro 27x250 | C97: un | D97: 1090366
A98: MATERIALES | B98: Conexiones Alcantarillado NOVAFORT Sillas Yee Diámetro 30x160 | C98: un | D98: 592540
... A132: MATERIALES | B132: Adhesivo Epóxico Novafort 1/2 galón | C132: un | D132: 254762
B133: Tuebería drenaje corrugada sin filtro rollo por 35 m. Ø=65 mm | C133: m | D133: =10246*1.19 -> 12192.74
B134: Tuebería drenaje corrugada sin filtro rollo por 35 m. Ø=100 mm | C134: m | D134: =18101*1.19 -> 21540.19
B135: Tuebería drenaje corrugada sin filtro rollo por 35 m. Ø=160 mm | C135: m | D135: =40328*1.19+10000 -> 57990.32
B136: Tuebería drenaje corrugada sin filtro rollo por 35 m. Ø=200 mm | C136: m | D136: =56425*1.19 -> 67145.75
B137: Unión PVC-FILTRO 6" | C137: un | D137: =41338*1.19+1000 -> 50192.22
B138: Tapón PVC - FILTRO 6" | C138: un | D138: =13730*1.19+1000 -> 17338.7
B139: Limpiador Removedor PVC X 1/4 de galón. | C139: un | D139: =50354*1.19+5000 -> 64921.26
B140: Soldadura PVC (Unión simple) 1/4 | C140: un | D140: =104430*1.19+5000 -> 129271.7
B141: Unión PVC-FILTRO 4" + transporte | C141: un | D141: =8682*1.19+500 -> 10831.58
...

Sheet SUBANALISIS
J1: =+H2*J3 -> 72000
A2: DESCRIPCION | B2: UND | C2: CANT | D2: DESP | E2: PRECIO | F2: SUBTOTAL | H2: 1800 | I2: PRECIO MATERIAL | J2: AREA METROPOLITANA | K2: CORREGIMIENTO | L2: COMUNAS
H3: DISTANCIA - Km | J3: 40 | K3: 55 | L3: 35
A4: MORTEROS | H4: BASE GRANULAR | I4: =37000*1.8*1.19 -> 79254 | J4: =I4+$J$3*$H$2 -> 151254 | K4: =ROUND(I4+$K$3*$H$2,0) -> 178254 | L4: =I4+$L$3*$H$2 -> 142254
H5: SUB-BASE GRANULAR | I5: =35000*1.8*1.19 -> 74970 | J5: =I5+$J$3*$H$2 -> 146970 | K5: =I5+$K$3*$H$2 -> 173970 | L5: =I5+$L$3*$H$2 -> 137970
A6: Mort.1:1 En obra | B6: m3 | F6: =F7+F8+F9*1.05+F10 -> 908384.55 | H6: ARENILLA | I6: 20000 | J6: =I6+$J$3*$H$2 -> 92000 | K6: =I6+$K$3*$H$2 -> 119000 | L6: =I6+$L$3*$H$2 -> 83000
A7: Arena de pega | B7: m3 | C7: 0.7 | D7: 5 | E7: =+J10 -> 141716.86 | F7: =C7*E7*1.05 -> 104161.9 | H7: Triturado 3/4"-3/8" | I7: =42000*1.62*1.19 -> 80967.6 | J7: =I7+$J$3*$H$2 -> 152967.6 | K7: =I7+$K$3*$H$2 -> 179967.6 | L7: =I7+$L$3*$H$2 -> 143967.6
A8: Cemento gris Nare (50 Kg) | B8: sac | C8: 18.501 | D8: 10 | E8: =J13 -> 35000 | F8: =C8*E8*1.1 -> 712288.5 | H8: Triturado 1" - 1/2" | I8: =93739*1.19 -> 111549.41 | J8: =I8+$J$3*$H$2 -> 183549.41 | K8: =I8+$K$3*$H$2 -> 210549.41 | L8: =I8+$L$3*$H$2 -> 174549.41
A9: M.de O.prepar.mezclas | B9: m3 | C9: 1 | D9: 0 | E9: =K18 -> 80254.429 | F9: =C9*E9 -> 80254.429 | H9: Arena para concreto | I9: =45000*1.652*1.19 -> 88464.6 | J9: =I9+$J$3*$H$2 -> 160464.6 | K9: =I9+$K$3*$H$2 -> 187464.6 | L9: =I9+$L$3*$H$2 -> 151464.6
A10: Concretadora 11/2 sacos electrica | B10: día | C10: 7 | D10: 0 | E10: =J39 -> 53669 | F10: =E10/C10 -> 7667 | H10: Arena para pega | I10: =31840*1.19*1.84 -> 69716.864 | J10: =I10+$J$3*$H$2 -> 141716.86 | K10: =I10+$K$3*$H$2 -> 168716.86 | L10: =I10+$L$3*$H$2 -> 132716.86
H11: Arena de revoque | I11: =31840*1.84*1.19 -> 69716.864 | J11: =I11+$J$3*$H$2 -> 141716.86 | K11: =I11+$K$3*$H$2 -> 168716.86 | L11: =I11+$L$3*$H$2 -> 132716.86
H12: Piedra entresuelo-gaviones y/o ciclópeo | I12: =60639*1.55*1.19 -> 111848.64 | J12: =I12+$J$3*$H$2 -> 183848.64 | K12: =I12+$K$3*$H$2 -> 210848.64 | L12: =I12+$L$3*$H$2 -> 174848.64
A13: Mort.1:2 En obra | B13: m3 | F13: =F14+F15+F16*1.05+F17 -> 705972.78 | H13: Cemento 50kg | I13: 35000 | J13: 35000 | K13: 35000 | L13: 35000
A14: Arena de pega | B14: m3 | C14: 0.97 | D14: 5 | E14: =J10 -> 141716.86 | F14: =C14*E14*1.05 -> 144338.63 | H14: Cal 10 Kg. | I14: 9500 | J14: 9500 | K14: 10500 | L14: 9500
A15: Cemento gris Nare (50 Kg) | B15: sac | C15: 12.2 | D15: 10 | E15: =J13 -> 35000 | F15: =C15*E15*1.1 -> 469700 | H15: PREPARACION DE CONCRETO O MORTERO | J15: Rendimiento-Día | K15: VALOR
A16: M.de O.prepar.mezclas | B16: m3 | C16: 1 | D16: 0 | E16: =K18 -> 80254.429 | F16: =C16*E16 -> 80254.429 | H16: Ofical O. Negra | I16: 137065 | J16: 7 | K16: =I16/J16 -> 19580.714
A17: Concretadora 11/2 sacos electrica | B17: día | C17: 7 | D17: 0 | E17: =J39 -> 53669 | F17: =E17/C17 -> 7667 | H17: 6 ayudantes | I17: 424716 | J17: 7 | K17: =I17/J17 -> 60673.714
H18: M.O. Preparación Concreto + báscula | K18: =(K17+K16+K20) -> 80254.429
A19: Mort.1:3 En obra | B19: m3 | F19: =F20+F21+F22*1.05+F23 -> 600629.1 | H19: Concretadora 11/2 saco. Alqu. Dia | I19: 53669 | J19: 0.66 | K19: =+I19*J19 -> 35421.54
A20: Arena de pega | B20: m3 | C20: 1.09 | D20: 5 | E20: =J10 -> 141716.86 | F20: =C20*E20*1.05 -> 162194.95 | H20: Báscula día | I20: 14000 | J20: 0 | K20: =I20*J20 -> 0
A21: Cemento gris Nare (50 Kg) | B21: sac | C21: 9 | D21: 10 | E21: =I13 -> 35000 | F21: =C21*E21*1.1 -> 346500
A22: M.de O.prepar.mezclas | B22: m3 | C22: 1 | D22: 0 | E22: =K18 -> 80254.429 | F22: =C22*E22 -> 80254.429 | H22: Mezcla Asfáltica Invías 5,7% (TON) | I22: 345200 | J22: =I22+$J$3*$H$2 -> 417200
A23: Concretadora 11/2 sacos electrica | B23: día | C23: 7 | D23: 0 | E23: =I19 -> 53669 | F23: =E23/C23 -> 7667
A25: Mort.1:4 En obra | B25: m3 | F25: =F26+F27+F28*1.05+F29 -> 537281.21 | H25: Concretadora 1.5 saco DIESEL | I25: =45100*1.19 -> 53669
A26: Arena de pega | B26: m3 | C26: 1.13 | D26: 5 | E26: =J10 -> 141716.86 | F26: =C26*E26*1.05 -> 168147.06
A27: Cemento gris Nare (50 Kg) | B27: sac | C27: 7.2 | D27: 10 | E27: =I13 -> 35000 | F27: =C27*E27*1.1 -> 277200
A28: M.de O.prepar.mezclas | B28: m3 | C28: 1 | D28: 0 | E28: =K18 -> 80254.429 | F28: =C28*E28 -> 80254.429 | J28: =+H2*40 -> 72000
A29: Concretadora 11/2 sacos electrica | B29: día | C29: 7 | D29: 0 | E29: =J39 -> 53669 | F29: =E29/C29 -> 7667 | H29: =950000/6 -> 158333.33 | J29: =+J3*H2 -> 72000
A31: Mort.1:5 En obra | B31: m3 | F31: =F32+F33+F34*1.05+F35 -> 498521.34
A32: Arena de pega | B32: m3 | C32: 1.18 | D32: 5 | E32: =J10 -> 141716.86 | F32: =C32*E32*1.05 -> 175587.19
A33: Cemento gris Nare (50 Kg) | B33: sac | C33: 6 | D33: 10 | E33: =I13 -> 35000 | F33: =C33*E33*1.1 -> 231000
A34: M.de O.prepar.mezclas | B34: m3 | C34: 1 | D34: 0 | E34: =K18 -> 80254.429 | F34: =C34*E34 -> 80254.429
A35: Concretadora 11/2 sacos electrica | B35: día | C35: 7 | D35: 0 | E35: =I19 -> 53669 | F35: =E35/C35 -> 7667
A37: Mort.1:6 En obra | B37: m3 | F37: =F38+F39+F40*1.05+F41 -> 470697.4
A38: Arena de pega | B38: m3 | C38: 1.2 | D38: 5 | E38: =J10 -> 141716.86 | F38: =C38*E38*1.05 -> 178563.25
A39: Cemento gris Nare (50 Kg) | B39: sac | C39: 5.2 | D39: 10 | E39: =I13 -> 35000 | F39: =C39*E39*1.1 -> 200200 | H39: Concretadora 11/2 saco. Alquiler dia | J39: 53669
A40: M.de O.prepar.mezclas | B40: m3 | C40: 1 | D40: 0 | E40: =K18 -> 80254.429 | F40: =C40*E40 -> 80254.429
A41: Concretadora 11/2 sacos electrica | B41: día | C41: 7 | D41: 0 | E41: =J39 -> 53669 | F41: =E41/C41 -> 7667 | H41: Triturado 3/4" | J41: conasfaltos/sta fe antioquia
H42: Triturado11/2" | J42: conasfaltos/sta fe antioquia
A43: Mort.1:7 En obra | B43: m3 | F43: =F44+F45+F46*1.05+F47 -> 439637.53 | H43: Arena para concreto | J43: conasfaltos/sta fe antioquia
A44: Arena de pega | B44: m3 | C44: 1.25 | D44: 5 | E44: =J10 -> 141716.86 | F44: =C44*E44*1.05 -> 186003.38 | H44: Arena para pega | J44: de los wilws
A45: Cemento gris Nare (50 Kg) | B45: sac | C45: 4.2 | D45: 10 | E45: =I13 -> 35000 | F45: =C45*E45*1.1 -> 161700 | H45: Arena de revoque | J45: potreritos
A46: M.de O.prepar.mezclas | B46: m3 | C46: 1 | D46: 0 | E46: =K18 -> 80254.429 | F46: =C46*E46 -> 80254.429 | H46: Piedra entresuelo | J46: sta rita/ san javier
A47: Concretadora 11/2 sacos electrica | B47: día | C47: 7 | D47: 0 | E47: =J39 -> 53669 | F47: =E47/C47 -> 7667 | H47: Triturado 3/8" | J47: conasfaltos/sta fe antioquia
H48: BASE GRANULAR | J48: sta rita/ san javier
A49: Mort.1:8 En obra | B49: m3 | F49: =SUM(F50+F51+F52+F53*1.05) -> 431937.53 | H49: SUBBASE GRANULAR | J49: sta rita/ san javier
A50: Arena de pega | B50: m3 | C50: 1.25 | D50: 5 | E50: =J10 -> 141716.86 | F50: =C50*E50*1.05 -> 186003.38 | H50: ARENILLA | J50: sta rita/ san javier
A51: Cemento gris Nare (50 Kg) | B51: sac | C51: 4 | D51: 10 | E51: =I13 -> 35000 | F51: =C51*E51*1.1 -> 154000 | H51: Cargue (Paleros), transporte de materiales y derechos de botadero y/o almacenamiento en bodega.
A52: Concretadora 11/2 sacos electrica | B52: día | C52: 7 | D52: 0 | E52: =I19 -> 53669 | F52: =E52/C52 -> 7667
A53: M de O prepa. Mezcla | B53: m3 | C53: 1 | D53: 0 | E53: =K18 -> 80254.429 | F53: =C53*E53 -> 80254.429 | H53: Distancia Corregimientos Desde Punto 0
A55: CONCRETOS | H55: Altavista | I55: 8 Km
H56: San Cristobal | I56: 11 Km
A57: Concr.en obra 1500 psi 3/4 | B57: m3 | F57: =(F61*1.05)+F58+F59+F60+F62 -> 511154.04 | H57: Santa Elena | I57: 16 Km
A58: Triturado de 3/4" | B58: m3 | C58: 0.92 | D58: 5 | E58: =$J$7 -> 152967.6 | F58: =C58*E58*1.05 -> 147766.7 | H58: San Antonio de Prado | I58: 17 Km
A59: Arena de concreto | B59: m3 | C59: 0.56 | D59: 5 | E59: =$J$9 -> 160464.6 | F59: =C59*E59*1.05 -> 94353.185 | H59: Palmitas | I59: Via al mar:27 Km
A60: Cemento gris Nare (50 Kg) | B60: sac | C60: 4.6 | D60: 10 | E60: =$I$13 -> 35000 | F60: =C60*E60*1.1 -> 177100 | I60: Tunel: 17 Km
A61: M.de O.prepar.mezclas | B61: m3 | C61: 1 | D61: 0 | E61: =$K$18 -> 80254.429 | F61: =C61*E61 -> 80254.429 | H61: Sabaneta | I61: 50 | K61: =+I61*H2 -> 90000
A62: Concretadora 11/2 sacos electrica | B62: día | C62: 7 | D62: 0 | E62: =$I$19 -> 53669 | F62: =E62/C62 -> 7667
A64: Concr.en obra 2000 psi 3/4" | B64: m3 | F64: =(F68*1.05)+F65+F66+F67+F69 -> 533198.91
A65: Triturado de 3/4" | B65: m3 | C65: 0.84 | D65: 5 | E65: =$J$7 -> 152967.6 | F65: =C65*E65*1.05 -> 134917.42
A66: Arena de concreto | B66: m3 | C66: 0.63 | D66: 5 | E66: =$J$9 -> 160464.6 | F66: =C66*E66*1.05 -> 106147.33
A67: Cemento gris Nare (50 Kg) | B67: sac | C67: 5.2 | D67: 10 | E67: =$I$13 -> 35000 | F67: =C67*E67*1.1 -> 200200
A68: M.de O.prepar.mezclas | B68: m3 | C68: 1 | D68: 0 | E68: =$K$18 -> 80254.429 | F68: =C68*E68 -> 80254.429
A69: Concretadora 11/2 sacos electrica | B69: día | C69: 7 | D69: 0 | E69: =$I$19 -> 53669 | F69: =E69/C69 -> 7667
A71: Concr.en obra 2500 psi 3/4" | B71: m3 | F71: =(F75*1.05)+F72+F73+F74+F76 -> 561841.72
A72: Triturado de 3/4" | B72: m3 | C72: 0.9 | D72: 5 | E72: =$J$7 -> 152967.6 | F72: =C72*E72*1.05 -> 144554.38
A73: Arena de concreto | B73: m3 | C73: 0.56 | D73: 5 | E73: =$J$9 -> 160464.6 | F73: =C73*E73*1.05 -> 94353.185
A74: Cemento gris Nare (50 Kg) | B74: sac | C74: 6 | D74: 10 | E74: =$I$13 -> 35000 | F74: =C74*E74*1.1 -> 231000
A75: M.de O.prepar.mezclas | B75: m3 | C75: 1 | D75: 0 | E75: =$K$18 -> 80254.429 | F75: =C75*E75 -> 80254.429
A76: Concretadora 11/2 sacos electrica | B76: día | C76: 7 | D76: 0 | E76: =$I$19 -> 53669 | F76: =E76/C76 -> 7667
A78: Concr.en obra 3000 psi 3/4" | B78: m3 | F78: =(F82*1.05)+F79+F80+F81+F83 -> 630810.92
A79: Triturado de 3/4" | B79: m3 | C79: 0.85 | D79: 5 | E79: =$J$7 -> 152967.6 | F79: =C79*E79*1.05 -> 136523.58
A80: Arena de concreto | B80: m3 | C80: 0.56 | D80: 5 | E80: =$J$9 -> 160464.6 | F80: =C80*E80*1.05 -> 94353.185
A81: Cemento gris Nare (50 Kg) | B81: sac | C81: 8 | D81: 10 | E81: =$I$13 -> 35000 | F81: =C81*E81*1.1 -> 308000
A82: M.de O.prepar.mezclas | B82: m3 | C82: 1 | D82: 0 | E82: =$K$18 -> 80254.429 | F82: =C82*E82 -> 80254.429
A83: Concretadora 11/2 sacos electrica | B83: día | C83: 7 | D83: 0 | E83: =$I$19 -> 53669 | F83: =E83/C83 -> 7667
A85: Concr.en obra 3500 psi 3/4" | B85: m3 | F85: =(F89*1.05)+F86+F87+F88+F90 -> 635833.7
A86: Triturado de 3/4" | B86: m3 | C86: 0.67 | D86: 5 | E86: =$J$7 -> 152967.6 | F86: =C86*E86*1.05 -> 107612.71
A87: Arena de concreto | B87: m3 | C87: 0.67 | D87: 5 | E87: =$J$9 -> 160464.6 | F87: =C87*E87*1.05 -> 112886.85
A88: Cemento gris Nare (50 Kg) | B88: sac | C88: 8.4 | D88: 10 | E88: =$I$13 -> 35000 | F88: =C88*E88*1.1 -> 323400
A89: M.de O.prepar.mezclas | B89: m3 | C89: 1 | D89: 0 | E89: =$K$18 -> 80254.429 | F89: =C89*E89 -> 80254.429
A90: Concretadora 11/2 sacos electrica | B90: día | C90: 7 | D90: 0 | E90: =$I$19 -> 53669 | F90: =E90/C90 -> 7667
A92: Concr.en obra 4000 psi 3/4" | B92: m3 | F92: =(F96*1.05)+F93+F94+F95+F97 -> 746621.86
A93: Triturado de 3/4" | B93: m3 | C93: 0.527 | D93: 5 | E93: =$J$7 -> 152967.6 | F93: =C93*E93*1.05 -> 84644.621
A94: Arena de concreto | B94: m3 | C94: 0.527 | D94: 5 | E94: =$J$9 -> 160464.6 | F94: =C94*E94*1.05 -> 88793.086 | H94: Concr.en obra 3000 psi 3/4" | I94: m3 | M94: =(M98*1.05)+M95+M96+M97+M99 -> 882250
A95: Cemento gris Nare (50 Kg) | B95: sac | C95: 12.5 | D95: 10 | E95: =$I$13 -> 35000 | F95: =C95*E95*1.1 -> 481250 | H95: premezclado | I95: m3 | J95: 0.85 | K95: 5 | L95: =P25 -> 0 | M95: =J95*L95*1.05 -> 0
A96: M.de O.prepar.mezclas | B96: m3 | C96: 1 | D96: 0 | E96: =$K$18 -> 80254.429 | F96: =C96*E96 -> 80254.429 | H96: Concreto | I96: m3 | J96: 1 | K96: 5 | L96: 350000 | M96: =J96*L96*1.05 -> 367500
A97: Concretadora 11/2 sacos electrica | B97: día | C97: 7 | D97: 0 | E97: =$I$19 -> 53669 | F97: =E97/C97 -> 7667 | H97: Mixer | I97: m3 | J97: 1 | K97: 5 | L97: 25000 | M97: =J97*L97*1.1 -> 27500
H98: Bombeo | I98: m3 | J98: 1 | K98: 5 | L98: 45000 | M98: =J98*L98 -> 45000
A99: Concr.en obra 5000 psi 3/4" | B99: m3 | F99: =(F103*1.05)+F100+F101+F102+F104 -> 784071.86 | K99: 0 | L99: =Q39 -> 0 | M99: =SUM(M95:M98) -> 440000
A100: Triturado de 3/4" | B100: m3 | C100: 0.5 | D100: 10 | E100: =$J$7 -> 152967.6 | F100: =C100*E100*1.1 -> 84132.18
A101: Arena de concreto | B101: m3 | C101: 0.5 | D101: 10 | E101: =$J$9 -> 160464.6 | F101: =C101*E101*1.1 -> 88255.53
A102: Cemento gris Nare (50 Kg) | B102: sac | C102: 13.5 | D102: 10 | E102: =$I$13 -> 35000 | F102: =C102*E102*1.1 -> 519750
A103: M.de O.prepar.mezclas | B103: m3 | C103: 1 | D103: 0 | E103: =$K$18 -> 80254.429 | F103: =C103*E103 -> 80254.429
A104: Concretadora 11/2 sacos electrica | B104: día | C104: 7 | D104: 0 | E104: =$I$19 -> 53669 | F104: =E104/C104 -> 7667
A107: Concr.ciclopeo 2500 psi obra | B107: m3 | F107: =(F110*1.05)+F108+F109+F111 -> 595722.32
A108: Piedra entresuelo | B108: m3 | C108: 0.3 | D108: 10 | E108: =J12 -> 183848.64 | F108: =C108*E108*1.1 -> 60670.05
A109: Concr.2500 psi(1/2") | B109: m3 | C109: 0.7 | D109: 10 | E109: =F71 -> 561841.72 | F109: =C109*E109*1.1 -> 432618.12
A110: M.de O.prepar.concr.ciclopeo | B110: m3 | C110: 1 | D110: 0 | E110: =K18+10000 -> 90254.429 | F110: =C110*E110 -> 90254.429
A111: Concretadora 11/2 sacos electrica | B111: dia | C111: 7 | E111: =I19 -> 53669 | F111: =E111/C111 -> 7667
...

Sheet CUADRO OFICIO
A1: ÍTEM | B1: DESCRIPCIÓN | C1: UNIDAD | D1: VR. UNITARIO INICIAL | E1: VR. UNITARIO REVISIÓN OOPP | F1: VR. UNITARIO CON SOPORTE | G1: OBSERVACIÓN
A3: 1.1 | B3: Rocería y limpieza, Incluye cargue, transporte y botada de material en botaderos oficiales o donde indique la interventoría, hasta cualquier altura de la vegetación, incluye desenraice de árboles hasta la altura de la vegetación y de diámetro inferiores a 10 cm. La rocería se realizará a ras de piso. Se utilizará guadaña o machete. | C3: m2 | D3: 13146 | E3: 9116 | F3: =APU!F48 -> 9116 | G3: Se acuerda con el precio propuesto
A4: 1.2 | B4: DEMOLICIÓN DE SUMIDEROS de cualquier tipo y material existentes. Incluye: Cargue, transporte y botada de escombros, recuperación de los materiales aprovechables o su transporte hasta el sitio que lo indique la interventoría. | C4: un | D4: 538311 | E4: 300676 | F4: =APU!F96 -> 315915 | G4: Se ajustan los valores de m.o y de material a botar, así como el precio de cargue, transporte y botada
A5: ='PRESUPUESTO CALLE 58 SUR'!A8 -> 1.3 | B5: ='PRESUPUESTO CALLE 58 SUR'!B8 -> DEMOLICIÓN PAVIMENTO ASFÁLTICO (para brecha), cargue, transporte y botada de escombros, HASTA ESPESOR DE 4". Incluye corte con máquina de disco según trazado y compresor neumático con martillo, además recuperación de los materiales aprovechables o su transporte hasta el sitio que lo indique la interventoría. | C5: ='PRESUPUESTO CALLE 58 SUR'!C8 -> m2 | D5: 51641 | E5: 44858 | F5: =APU!F144 -> 44858 | G5: Se acuerda con el precio propuesto 15/02/2023
A6: ='PRESUPUESTO CALLE 58 SUR'!A9 -> 1.4 | B6: ='PRESUPUESTO CALLE 58 SUR'!B9 -> EXCAVACIÓN MANUAL de material heterogéneo HASTA 3 m., bajo cualquier grado de humedad. Incluye: roca descompuesta, bolas de roca de volumen inferior a 0.35 m³., el cargue, transporte interno de las excavaciones en los sitios donde lo indique la interventoría y su medida será en el sitio. La botada y el entibado, se pagaran por su respectivo Ítem. | C6: ='PRESUPUESTO CALLE 58 SUR'!C9 -> m3 | D6: 58813 | E6: 57405 | F6: =APU!F192 -> 57405 | G6: Se acuerda con el precio propuesto 15/02/2023
A7: 1.5 | B7: LLENOS EN MATERIAL ESTABILIZADO CON CEMENTO CON MATERIAL TIPO SUB-BASE GRANULAR, compactados mecánicamente. Incluye material de préstamo, 2 sacos de cemento 50 kg por cada m3, transporte interno y todo lo necesario para su correcta compactación. Y su medida será en sitio ya compactado. | C7: m3 | D7: 330563 | E7: 299474 | F7: =APU!F240 -> 299474 | G7: El análisis presentado por parte de OOPP, contiene error en el precio de la Sub base, ya que, al parecer colocan el precio de Ton sin IVA incluido y no el precio por m3. Se corrige el error. Se anexa lista de precios de Procopal. 15/02/2023 Precio $299.474/m3. Precio acordado.
A8: 1.6 | B8: Colocación de concreto de 14 Mpa para SOLADO, con un espesor DE 0.05 m. Incluye el suministro y el transporte del concreto y todos los demás elementos necesarios para su correcta construcción, incluye acarreo interno. | C8: m2 | D8: 51145 | E8: 50611 | F8: 50611 | G8: Se acuerda con el precio propuesto.
A9: 1.7 | B9: Colocación de CONCRETO CICLÓPEO de 21 Mpa y 40% de piedra con un diámetro entre 4" y 10". para REEMPLAZO. Incluye suministro y el transporte del concreto, mano de obra, protección y curado, para estructuras de acuerdo con las diferentes dimensiones establecidas en los planos y diseños y todo lo demás para el correcto proceso constructivo. | C9: m3 | D9: 726271 | E9: 684649 | F9: =APU!F336 -> 684649 | G9: Se acepta la corrección realizada, pero se corrige el APU en materiales. Precio $684.649/m3
A10: 1.8 | B10: Construcción de anclajes en concreto de 21 Mpa para tubería de pvc de acueducto o alcantarillado, incluye el suministro, transporte externo e interno y vaciado de concreto de 21 Mpa. Incluye colocación de formaletas, concreto y demás elementos que se requieren para construir estas estructuras. Incluye también la mano de obra, los equipos, herramientas necesarias para la correcta ejecución y funcionamiento de esta actividad. No incluye refuerzo. | C10: un | D10: 338763 | E10: 312881 | F10: =APU!F384 -> 307759 | G10: Se acepta la nueva corrección realizada. 15/02/2023. Se comete error al variar la base de datos del contratista y no analizar el recurso de transporte de materiales a obra.
A11: ='PRESUPUESTO CALLE 58 SUR'!A16 -> 1.11 | B11: ='PRESUPUESTO CALLE 58 SUR'!B16 -> Suministro, transporte y colocación de TRITURADO de 3/4 " para construcción de CIMENTACIÓN DE TUBERÍA PVC NOVAFORT. Incluye transporte interno y todo lo necesario para su correcta instalación. | C11: ='PRESUPUESTO CALLE 58 SUR'!C16 -> m3 | D11: 242792 | E11: 238448 | F11: =APU!F528 -> 241448 | G11: Se acepta la corrección, ajustando el precio de los materiales según lista de precios adjunta. 158/02/2023. Precio $241.448/m3
A12: 1.12 | B12: Construcción de Emboquillada de tubería en pared para caja y/o muro, según especificaciones técnicas de EEPP de Medellín. Incluye suministro, transporte e instalación de los materiales y todo lo necesario para su correcta ejecución. | C12: un | D12: 210023 | E12: 168183 | F12: =APU!F576 -> 147396 | G12: Se acepta la Nueva Corrección, ajustando el precio de materiales según listado. corrección realizada.
A13: 1.13 | B13: Construcción de POCETA PROVISIONAL de 1.40X1.40 x altura hasta 1.40 m., (medidas externas), muros de espesor de 25 cm., Losa de Fondo de espesor 30 cm., en concreto de 21Mpa. Incluye suministro, transporte e instalación de los materiales, formaleta, vibrado y todos los elementos necesarios para su correcta construcción y funcionamiento. Según diseño y especificaciones. La excavación, llenos, entresuelo y acero de refuerzo se pagarán en su ítem respectivo. | C13: un | D13: 3331514 | E13: 2202159 | F13: =APU!F624 -> 2557821 | G13: Se acepta la Nueva Corrección, ajustando el precio de materiales según listado. corrección realizada, eliminando la formaleta MUF y aumentando Tabla común.
A14: 2.2 | B14: Rocería y limpieza, Incluye cargue, transporte y botada de material en botaderos oficiales o donde indique la interventoría, hasta cualquier altura de la vegetación, incluye desenraice de árboles hasta la altura de la vegetación y de diámetro inferiores a 10 cm. La rocería se realizará a ras de piso. Se utilizará guadaña o machete. | C14: m2 | D14: 13146 | E14: 9116 | F14: 9116 | G14: Se acuerda con el precio propuesto
A15: ='PRESUPUESTO CALLE 58 SUR'!A22 -> 2.3 | B15: ='PRESUPUESTO CALLE 58 SUR'!B22 -> Instalación de CERRAMIENTO PROVISIONAL en malla naranja polietileno de alta densidad, estabilidad y resistencia, anticorrosivo, con estabilizados de rayos UV, con una altura de 1,20 m, balizas móviles base antideslizante cada 1,50 m. fijaciones con correas de amarre plásticas y cinta de peligro, Incluye: suministro, transporte, instalación, traslados y desmonte y todos los demás elementos necesarios para su correcta instalación y operación. | C15: ='PRESUPUESTO CALLE 58 SUR'!C22 -> m | D15: 28996 | E15: 28864 | F15: =APU!F768 -> 28864 | G15: Se acuerda con el precio propuesto. Se ajusta valor materiales según lista de precios verificada.
A16: ='PRESUPUESTO CALLE 58 SUR'!A25 -> 3.2 | B16: ='PRESUPUESTO CALLE 58 SUR'!B25 -> DEMOLICIÓN PAVIMENTO ASFÁLTICO, CUALQUIER ESPESOR. Incluye compresor neumático con martillo, además recuperación de los materiales aprovechables y/o su transporte hasta el sitio que lo indique la interventoría, y/o cargue transporte y botada, corte de pavimento con máquina. | C16: ='PRESUPUESTO CALLE 58 SUR'!C25 -> m2 | D16: 51641 | E16: 44858 | F16: =APU!F864 -> 44858 | G16: Se acuerda con el precio propuesto. 15/02/2023
A17: 3.3 | B17: DEMOLICIÓN ESTRUCTURAS DE CONCRETO cargue, transporte y botada de escombros, manual o mecánicamente, de cualquier resistencia, reforzado o ciclópeo, y en cualquier clase de estructura. Incluye retiro de refuerzo y cualquier tipo de acabado (revoques y enchapes) o piso (en losas) e instalaciones embebidas, compresor neumático con martillo, además recuperación de los materiales aprovechables o su transporte hasta el sitio que lo indique la interventoría. | C17: m3 | D17: 477605 | E17: 331321 | F17: 331321 | G17: Se acuerda con el precio propuesto
A18: 4.5 | B18: EXCAVACIÓN PARA PILAS DE 0,0 a 4,0 m de profundidad con DÍAMETRO EXTERIOR DE 1,40m, en material heterogéneo, con piedras de hasta 0.05 m³. Incluye anillos de revestimiento en concreto de 21.0 Mpa. con espesor de 10cm, pozo piloto de bombeo, formaleta en madera común, molinete, motobomba, extracción del material de la pila y acarreo interno y SOBREACARREO de materiales, cargue, transporte y botada del material proveniente de la excavación en botaderos oficiales o donde lo indique la interventoría y todo lo necesario para su correcta construcción. SU MEDIDA SERA EN SITIO. | C18: m | D18: 1196061 | E18: 779289 | F18: =APU!F1152 -> 829214 | G18: Corrección 2 de 15/02/2023, se acepta la corrección, ajustando el precio de materiales acorde a la lista definitiva. $829.214/m
A19: 5.1 | B19: LLENOS EN ARENILLA Y/O MATERIAL DE PRESTAMO, compactados mecánicamente hasta obtener una densidad del 95% de la máxima obtenida en el ensayo del próctor modificado. Incluye transporte interno. Su medida será en sitio ya compactado. | C19: m3 | D19: 197142 | E19: 172954 | F19: =APU!F1200 -> 172954 | G19: Se acepta la corrección realizada. 15/02/2023
A20: 5.2 | B20: LLENOS EN MATERIAL ESTABILIZADO CON CEMENTO CON MATERIAL TIPO SUB-BASE GRANULAR, compactados mecánicamente. Incluye material de préstamo, 2 sacos de cemento 50 kg por cada m3, transporte interno y todo lo necesario para su correcta compactación. Y su medida será en sitio ya compactado. | C20: m3 | D20: 330563 | E20: 299474 | F20: =APU!F1248 -> 299474 | G20: Se acepta la corrección realizada. 15/02/2023
A21: 6.1 | B21: CARGUE MANUAL y/o MECÁNICO, TRANSPORTE Y BOTADA de material proveniente de las EXPLANACIONES, EXCAVACIONES Y VOLADURAS DE ROCA. Incluye transportes internos, paleros, derecho de botadero. Se debe hacer en botaderos oficiales autorizados por la entidad competente o hasta el sitio que indique la interventoría. Su medida será en sitio. | C21: m3 | D21: 144865 | E21: 58198 | F21: =APU!F1296 -> 58198 | G21: Se acepta la corrección realizada.
A22: ='PRESUPUESTO CALLE 58 SUR'!A42 -> 8.2 | B22: ='PRESUPUESTO CALLE 58 SUR'!B42 -> Colocación de concreto de 21 Mpa para PILOTES Ø= 40cm. HASTA 3.0 m. de profundidad. Incluye suministro y el transporte del concreto, mano de obra, vibrado, protección y curado, para estructuras de acuerdo con las diferentes dimensiones establecidas en los planos y diseños. No incluye refuerzo. | C22: ='PRESUPUESTO CALLE 58 SUR'!C42 -> m | D22: 135110 | E22: 117783 | F22: =APU!F1440 -> 131848 | G22: Se realizan los ajustes al análisis expuesto. Se acuerda nuevo precio de $131.848/m
A23: 8.3 | B23: Construcción de ZAPATA, en concreto de 21 MPa., de diferentes medidas, Impermeabilizado con Plastocrete DM de Sika o equivalente. Incluye suministro, transporte y colocación del concreto, formaleta, vibrado, protección para estructuras, armado y desarmado de toda la obra falsa necesaria para la correcta construcción, según diseño. El acero de refuerzo se pagará en su respectivo ítem. Incluye SOBREACARREO DE MATERIALES | C23: m3 | D23: 1211602 | E23: 1030234 | F23: =APU!F1488 -> 1074441 | G23: No se realizó corrección en el APU respectivo, se realizan de nuestra parte consideraciones para acercarnos al precio propuesto. Se realiza nueva corrección y se corrige error en cambio de base de datos. Precio $1.074.441/m3 - 15/02/2023
A24: 8.4 | B24: Construcción de MURO DE CONTENCIÓN en concreto de 21Mpa. a la vista, con un ESPESOR DE 0,35 m. Incluye suministro, transporte y colocación del concreto, impermeabilizante integral tipo plastocrete DM o equivalente, formaleta de primera calidad en súper T de 19 mm. para acabado a la vista por una cara, incluye suministro y transporte de los materiales, aristas biseladas, desmoldante, vibrado, protección y curado para estructuras y todos los demás elementos necesarios para su correcta construcción y funcionamiento, de acuerdo con las diferentes dimensiones establecidas en los planos, No incluye refuerzo. Según diseño. Incluye SOBREACARREO de materiales. | C24: m2 | D24: 631674 | E24: 543728 | F24: =APU!F1532 -> 582902 | G24: Corrección 2 de 15/02/2023, se acepta la corrección, ajustando el precio de materiales acorde a la lista definitiva. $582.902/m2 y corrogiendo error cambio base de datos.
A25: 8.5 | B25: Construcción de MURO DE CONTENCIÓN en concreto de 21Mpa. a la vista, con un ESPESOR DE 0,20 m. Incluye suministro, transporte y colocación del concreto, impermeabilizante integral tipo plastocrete DM o equivalente, formaleta de primera calidad en súper T de 19 mm. para acabado a la vista por una cara, incluye suministro y transporte de los materiales, aristas biseladas, desmoldante, vibrado, protección y curado para estructuras y todos los demás elementos necesarios para su correcta construcción y funcionamiento, de acuerdo con las diferentes dimensiones establecidas en los planos, No incluye refuerzo. Según diseño. Incluye SOBREACARREO de materiales. | C25: m2 | D25: 514279 | E25: 428434 | F25: =APU!F1577 -> 450819 | G25: Se ajusta valor a $450.819/m2, corrección al costo de materiales y a la base de datos. 15/02/2023
A26: 8.6 | B26: Construcción de MURO DE CONTENCIÓN en concreto de 21Mpa. a la vista, con un ESPESOR DE 0,25 m. Incluye suministro, transporte y colocación del concreto, impermeabilizante integral tipo plastocrete DM o equivalente, formaleta de primera calidad en súper T de 19 mm. para acabado a la vista por una cara, incluye suministro y transporte de los materiales, aristas biseladas, desmoldante, vibrado, protección y curado para estructuras y todos los demás elementos necesarios para su correcta construcción y funcionamiento, de acuerdo con las diferentes dimensiones establecidas en los planos, No incluye refuerzo. Según diseño. Incluye SOBREACARREO de materiales. | C26: m2 | D26: 571756 | E26: 477332 | F26: =APU!F1622 -> 505313 | G26: Se ajusta valor a $505.313/m2 y acuerda 15/02/2023.
A27: 8.7 | B27: Construcción de LOSA DE FONDO MACIZA en concreto PREPARADO EN OBRA de 21 MPa., con un ESPESOR DE 30 cm. Impermeabilizada con Plastocrete DM de Sika o equivalente y adicionado con FIBRA TIPO Nikon. Incluye suministro, transporte y colocación del concreto, formaleta, armado y desarmado de toda la obra falsa necesaria para la correcta construcción de la losa y todos los demás elementos necesarios para su correcto vaciado, según diseño. El acero de refuerzo se pagará en su respectivo ítem según diseño. INCLUYE MANEJO DE AGUAS. | C27: m2 | D27: 491047 | E27: 1362946 | F27: =+APU!G1667 -> 447965.1 | G27: Se pretende corregir el precio de algunos insumos como la fibra Nikon, pero en la corrección colocan el precio en almacén, sin contemplar el valor del transporte (ver INSUMOS). Se elimina el Súper T y no se coloca el sustituto, además, se pasa la unidad de medida de m2 a m3 y no se recalculan los insumos necesarios para la nueva unidad de medida propuesta. Se corrige el APU, se coloca tabla de madera común en vez de Súper T y se cambian los rendimientos a m3. Valor de $1.493.217/m3, equivalente a $447.965/m2
A28: 8.8 | B28: Construcción de MUROS LATERALES DE CANAL en concreto de 21 MPa., con un ESPESOR DE 25 cm, Impermeabilizado con Plastocrete DM de Sika o equivalente y adicionado con FIBRA SINTÉTICA DE REFUERZO. Incluye suministro, transporte y colocación del concreto, formaleta, armado y desarmado de toda la obra falsa necesaria para la correcta construcción de la losa y todos los demás elementos necesarios para su correcto vaciado, según diseño. El acero de refuerzo se pagará en su respectivo ítem según diseño. | C28: m2 | D28: 639795 | E28: 525771 | F28: =APU!F1712 -> 553752 | G28: Estos muros, además de ser de poco espesor (0.25), son de poca altura, por lo que el rendimiento es menos que en muros altos y por ende los insumos para la formaleta se ven castigados. Se ajusta el APU respectivo con las correcciones ya acordadas. Se propone como precio ajustado $553.752/m2. 15/02/2023
A29: 8.9 | B29: Construcción de LOSA MACIZA SUPERIOR PARA CANAL en concreto de 21MPa., con un ESPESOR DE 25 cm. Impermeabilizada con Plastocrete DM de Sika o equivalente y adicionado con FIBRA SINTÉTICA DE REFUERZO. Incluye suministro, transporte y colocación del concreto, formaleta, armado y desarmado de toda la obra falsa necesaria para la correcta construcción de la losa y todos los demás elementos necesarios para su correcto vaciado, según diseño. El acero de refuerzo se pagará en su respectivo ítem según diseño. INCLUYE MANEJO DE AGUAS. | C29: m2 | D29: 548948 | E29: 453290 | F29: =APU!F1757 -> 481271 | G29: Igual a los comentarios anteriores. Se presenta APU ajustado por valor de $481.271/m2. - 15/02/2023
A30: 8.1 | B30: Construcción de MUROS INCLINADOS PARA ALETAS DE CANAL en concreto de 21 Mpa., con un ESPESOR DE 25 cm., a la vista. Incluye suministro, transporte y colocación de concreto, formaleta de primera calidad en súper "T" de 19 mm. para acabado a la vista, aristas biseladas, vibrado, protección y curado para estructuras, y todos los demás elementos necesarios para su correcta construcción, de acuerdo con las diferentes dimensiones establecidas en los planos, No incluye refuerzo. Según diseño. Dimensiones variables. | C30: m2 | D30: 639795 | E30: 525771 | F30: =APU!F1802 -> 553752 | G30: Estos muros, además de ser de poco espesor (0.25), son de poca altura, por lo que el rendimiento es menos que en muros altos y por ende los insumos para la formaleta se ven castigados. Se ajusta el APU respectivo con las correcciones ya acordadas. Se propone como precio ajustado $553.752/m2 - 15/02/2023
A31: 8.11 | B31: Construcción de descole en piedra y concreto de 21 Mpa, según detalle. Incluye formaleta. Espesor 30 cm. | C31: m2 | D31: 305243 | E31: 283089 | F31: =APU!F1850 -> 296961 | G31: Se acepta la corrección y el precio propuesto. Se corrige el error del cambio efectuado a la base de datos. 15/02/2023
A32: 8.12 | B32: Suministro, transporte e impermeabilización para superficies enterradas, con aditivo tipo igol denso o similar, dos manos con una dosificación de 1kg/m2 cada mano, se debe imprimar previamente la superficie con igol imprimante o equivalente, una mano con una dosificación de 200 gr/m2. incluye todo lo necesario para su correcta aplicación según recomendaciones del proveedor del insumo. | C32: m2 | D32: 121475 | E32: 112144 | F32: =APU!F1898 -> 112887 | G32: Los precios de los insumos tienen su sustento en la lista de precios adjunta, se insiste en que se debe contemplar el transporte de estos productos a la obra. (ver INSUMOS), Además, en la corrección se comete un error en el rendimiento del producto (ver ficha técnica Igol Denso). Se ajusta la m.o. 15/02/2023, precio corregido $112.887/m2
A33: 8.13 | B33: Colocación de concreto de 14 Mpa para SOLADO, con un espesor DE 0.05 m. Incluye el suministro y el transporte del concreto y todos los demás elementos necesarios para su correcta construcción, incluye acarreo interno. | C33: m2 | D33: 51145 | E33: 50611 | F33: =APU!F1946 -> 50611 | G33: Se acepta el precio propuesto. $50.611/m2
A34: 8.14 | B34: Colocación de CONCRETO CICLÓPEO de 21 Mpa y 40% de piedra con un diámetro entre 4" y 10". para REEMPLAZO. Incluye suministro y el transporte del concreto, mano de obra, protección y curado, para estructuras de acuerdo con las diferentes dimensiones establecidas en los planos y diseños y todo lo demás para el correcto proceso constructivo. | C34: m3 | D34: 726271 | E34: 684649 | F34: =APU!F1994 -> 765543 | G34: Se acepta la corrección realizada. Pero se realiza la corrección en el APU presentado, ya que le falta la piedra como insumo y su respectivo transporte externo. Precio $765.543/m3. 15/02/2023
A35: ='PRESUPUESTO CALLE 58 SUR'!A58 -> 9.2 | B35: ='PRESUPUESTO CALLE 58 SUR'!B58 -> Colocación de MATERIAL GRANULAR limpio de 1" a 1½" para filtros, camas de triturado, reemplazos de suelo o la aplicación para la cual sea necesario. Incluye el suministro y transporte interno y externo del material y todo lo necesario para su correcta instalación según diseño y especificaciones de la interventoría. Su medida será en sitio. INCLUYE SOBREACARREO. | C35: ='PRESUPUESTO CALLE 58 SUR'!C58 -> m3 | D35: 224224 | E35: 206106 | F35: =APU!F2138 -> 208289 | G35: Corrección del 15/02/2023. Se analiza y se corrige los acarros y se ajusta precio. Precio final ajustado, $208.289/m3
A36: ='PRESUPUESTO CALLE 58 SUR'!A61 -> 9.5 | B36: ='PRESUPUESTO CALLE 58 SUR'!B61 -> Construcción de CUNETA EN "V" en concreto de 21 Mpa., DESARROLLO DE 0.50 m., ESPESOR DE 0.10 m. Incluye suministro, transporte y colocación del concreto, entresuelo 15 cm de piedra y 5 cm de arenilla y todos los demás elementos necesarios para su correcta construcción. Según diseño. | C36: ='PRESUPUESTO CALLE 58 SUR'!C61 -> m | D36: 99375 | E36: 156273 | F36: =APU!F2282 -> 99572 | G36: Se realizan las correcciones separando el transporte del material a obra. Se acuerda precio en $99.572/m
A37: 9.6 | B37: Construcción de POCETA de 1.25x2.20 x altura hasta 180 cm., (medidas externas), muros de espesor de 25 cm., Losa de Fondo de espesor 30 cm., en concreto de 21Mpa. con impermeabilizante integral tipo Sika o equivalente, con concrefibra el piso. Incluye suministro, transporte e instalación de los materiales, formaleta, vibrado y todos los elementos necesarios apara su correcta construcción y funcionamiento. Según diseño y especificaciones. La excavación, llenos, entresuelo y acero de refuerzo se pagarán en su ítem respectivo. | C37: un | D37: 5645097 | E37: 4066829 | F37: =APU!F2327 -> 4416749 | G37: Esta caja-poceta, es la que recoge las aguas del afluente (ver diseño). Precio $4.416.749/un. 15/02/2023.
A38: 9.7 | B38: Construcción de Emboquillada de tubería en pared DE POCETA Y CANAL, según especificaciones técnicas de EEPP de Medellín. Incluye suministro, transporte e instalación de los materiales y todo lo necesario para su correcta ejecución. | C38: un | D38: 164477 | E38: 150195 | F38: =APU!F2375 -> 161510 | G38: Son las emboquilladas que existen para los canales 3 un + los de las tuberías iniciales 6 un, sin contar filtros. No se sabe por que se excluyó del presupuesto. Se ajusta precio. $161.510/un - 15/02/2023
A39: 10.1 | B39: EXCAVACIÓN MECÁNICA PARA CAJEO DE VIA de material heterogéneo DE 0.0 - 2.0 m., bajo cualquier grado de humedad. Incluye: roca descompuesta, bolas de roca de volumen inferior a 0.35 m³., el cargue, transporte interno, botada de material proveniente de las excavaciones en los sitios donde lo indique la interventoría y su medida será en el sitio. No incluye entibado. | C39: m3 | D39: 208216 | E39: 167214 | F39: =APU!F2423 -> 167214 | G39: Se corrige APU, colocando los valores ya acordados de Cargue, transporte y botada y mermando la cantidad del cajeo a sólo la parte que lo necesita dentro del tramo de la Urgencia. lo anterior modifica el costo del transporte de maquinaria. Valor corregido $167.214/m3
A40: 10.3 | B40: Suministro, transporte y colocación de BASE GRANULAR, reacomodado con medios mecánicos y compactado al 100% mínimo del ensayo del proctor modificado, según normas para la construcción de pavimentos del INVIAS, y todo lo necesario para su correcta construcción y funcionamiento. Su medida será tomada en sitio ya compactado. | C40: m3 | D40: 293309 | E40: 266583 | F40: =APU!F2519 -> 269583 | G40: Se ajusta precio, acorde a lista de precios de Procopal del año 2022. Se está solicitando cotización para verificar valor del mismo 2023. Se corrige transporte.
A41: 10.4 | B41: Suministro, transporte y colocación de mezcla asfáltica en caliente MCD-19 para pavimento según normas para la construcción de pavimentos del INVIAS. Compactada con medios mecánicos. Incluye todo lo necesario para su correcta construcción y funcionamiento. La excavación y la base se pagarán por su respectivo ítem. | C41: m3 | D41: 1452681 | E41: 1389533 | F41: =APU!F2567 -> 1389533 | G41: El precio presentado como ofertaa por los asfaltadores tiene vigenvia de 8 días, debido a la fluctuación y volatilidad del mercado en etos productos. El precio es para aplicaciones de mínimo 100 m3, para menores se debe asimir un incremento en el precio.
A42: 10.5 | B42: Suministro, transporte y colocación de cordón prefabricado de 0.15 x 0.45 x 0.80 m. de concreto de 21 Mpa, tres caras, juntas ranuradas, referencia Bordillo Barrera Recto Tipo U50 (según M.E.P). Incluye excavación, conformación del terreno, ajustes de concreto o pavimento donde sea necesario, mortero 1:4 de asiento y pega en las longitudes más adecuadas para el desarrollo de la obra, y todo lo necesario para su correcta construcción y funcionamiento. Según diseño. | C42: m | D42: 119460 | E42: 116903 | F42: =APU!F2615 -> 122989 | G42: Se anexa cotización presentada por ADOQUINAR. 15/02/2023
A43: 10.6 | B43: Suministro, transporte y colocación de emulsión asfáltica catiónica de rompimiento lento C.R.L. y/o LIGA para imprimación de superficie a pavimentar según normas para la construcción de pavimentos del INVIAS. Incluye todo lo necesario para su correcta construcción y funcionamiento. | C43: m2 | D43: 7067 | E43: 3888 | F43: =APU!F2663 -> 8590 | G43: Se presenta nuevo APU, teniendo en cuenta el valor del material y el rendimiento del mismo según Normas de Pavimento y especificación del producto. El precio cotizdo es para aplicaciones superiores a los 1000 m2. Nota: Los precios varían cada semana. 15/02/2023
A44: 12.1 | B44: DESCAPOTE A MANO. Incluye el desenraice si es necesario, cargue transporte y botada de material sobrante en botaderos oficiales. Medido en sitio. | C44: m2 | D44: 13007 | E44: 9116 | F44: 9116 | G44: Se acuerda con el precio propuesto
A45: 12.2 | B45: Extracción de tocon y raices de arbol, cargue, transporte y botada de materiales sobrantes en botaderos oficiales o donde lo indique la interventoría. | C45: un | D45: 485069 | E45: 214955 | F45: 229820 | G45: Nueva revisión, en lo propuesto se corrige el valor del cargue, transporte y botada. Se corrige m.o. Precio final $255.117/un - 15/02/2023.
A46: 12.3 | B46: Sobre-Acarreo interno de materiales para lugares de dificil acceso, en altura. pendiente, escalas y/o senderos en piedra o en tierra. Entre 0 a 100 m. | C46: m3 | D46: 29730 | E46: 0 | F46: 0 | G46: Desaparece el ítem y se toma junto con el ítem de llenos con material de la excavación
A47: 12.3 | B47: Llenos con material proveniente de la excavación debidamente compactados en zona de laderas en la quebrada y/o su afluente, incluye conformación, acarrero y Sobre-Acarreo interno de materiales para lugares de dificil acceso, en altura. pendiente, escalas y/o senderos en piedra o en tierra. Entre 0 a 100 m. | C47: m3 | D47: ='PRESUPUESTO CALLE 58 SUR'!E76 -> 54511 | F47: =APU!F2807 -> 54511 | G47: Nuevo ítem a solicitud de Secretaría de OOPP. 15/02/2023
A48: 12.4 | B48: Retiro de filtro existente. No incluye botada, incluye transporte interno hasta sitio donde lo indique Interventoría. | C48: m | D48: 41868 | F48: 41868 | G48: Se eliminó la cantidad. Acorde a lo expuesto en la reunión sostenida en OOPP, los volúmenes deberán contener su respectiva memoria bien especificada.
A49: 12.5 | B49: Manejo de aguas para los diferentes procesos constructivos. Incluye tubería, concreto, canecas de 55 galones. | C49: glb | D49: 4284761 | E49: 4166326 | F49: =APU!F2903 -> 4221892 | G49: Se hace la corrección planteada y se ajusta los valores cambiados en insumos por errada manipulación de base de datos (Subanálisis) 15/02/2023
A50: 12.6 | B50: Horas extras y festivas - Dominicales ayudante | C50: hr | D50: 18581 | F50: 18581 | G50: No se reconoce
A51: 12.7 | B51: Horas extras y festivas - Dominicales oficial | C51: hr | D51: 35980 | F51: 35980 | G51: No se reconoce.
A52: ='PRESUPUESTO CALLE 58 SUR'!A82 -> 12.9 | B52: ='PRESUPUESTO CALLE 58 SUR'!B82 -> Construcción de CAJA EMPALME FILTROS de 1.20X0.80 x altura hasta 0.80 m., (medidas externas), muros de espesor de 10 cm., Losa de Fondo de espesor 20 cm., en concreto de 21Mpa. con impermeabilizante integral tipo Sika o equivalente, con concrefibra el piso. Incluye suministro, transporte e instalación de los materiales, formaleta, vibrado y todos los elementos necesarios apara su correcta construcción y funcionamiento. Según diseño y especificaciones. La excavación, llenos, entresuelo y acero de refuerzo se pagarán en su ítem respectivo. | C52: ='PRESUPUESTO CALLE 58 SUR'!C82 -> un | D52: 1595499 | E52: 996598 | F52: =APU!F2996 -> 1106322 | G52: Se acepta la corrección, se elimina la formaleta Súper T y se incrementa tabla común. 15/02/2023 - Precio $1.106.322/un
A53: 12.1 | B53: Llenos y acomodada de material proveniente de la excavacion y de derrumbes EN LADERAS DE LA QUEBRADA. El sobre acarreo se paga en el item respectivo | C53: m3 | D53: 0 | F53: 0 | G53: Desaparece el ítem y se toma junto con el ítem de llenos con material de la excavación
